 Dungeon Crawl Stone Soup version 0.30-a0-310-g7d6cbdfea6 (webtiles) character file.

Game seed: 6162245514119533143

813657 mopl the Skullcrusher (level 27, -7/229 HPs)
             Began as a Gnoll Monk on Oct 23, 2022.
             Was the Champion of the Shining One.
             Killed from afar by a Hell Sentinel (36 damage)
             ... with damnation
             ... in Pandemonium on Oct 24, 2022.
             The game lasted 03:53:54 (82392 turns).

mopl the Skullcrusher (Gnoll Monk)                 Turns: 82392, Time: 03:53:55

Health: -7/229     AC: 51    Str: 26    XL:     27
Magic:  52/52      EV: 16    Int: 22    God:    the Shining One [******]
Gold:   7069       SH: 23    Dex: 20    Spells: 45/76 levels left

rFire   + + .      SeeInvis +    v - +9 eveningstar (holy)
rCold   + + +      Faith    +    F - +0 tower shield {reflect}
rNeg    + + +      Spirit   .    N - +9 gold dragon scales
rPois   +          Reflect  +    O - +2 helmet of Baiminoa {rC+ Dex+3 Slay+3}
rElec   .          Harm     .    m - +1 cloak {Will+}
rCorr   .          Rampage  .    n - +0 pair of gloves {Str+3}
Will    ++++.                    R - +0 pair of boots "Iduav" {Fly rC+ Int+4}
Stlth   +.........               h - amulet of Pyromania {Faith rF+ Int+7}
HPRegen 0.58/turn                d - ring "Egailat" {Will+ Dex+2 Slay+2 SInv}
MPRegen 0.33/turn                Z - ring of the Tortoise {AC+8}

@: flying, glowing, studying 3 skills, unable to drink
A: fangs 1, strong nose, distributed training, no potion heal 1, inability to
drink after injury 2, MP-powered wands
}: 8/15 runes: barnacled, slimy, silver, abyssal, glowing, fiery, dark, gossamer
a: Renounce Religion, Divine Shield, Cleansing Flame, Summon Divine Warrior


You were in Pandemonium.
You worshipped the Shining One.
The Shining One was exalted by your worship.
You visited 11 branches of the dungeon, and saw 54 of its levels.
You visited Pandemonium 2 times, and saw 16 of its levels.
You visited the Abyss 3 times.
You also visited: Trove, Bailey, Gauntlet, Ice Cave, Wizlab and Desolation.

You collected 11243 gold pieces.
You spent 4174 gold pieces at shops.

Inventory:

Hand Weapons
 a - the +2 Maxwell's thermic engine {flame, freeze}
   (You found it on level 1 of the Depths)

   It burns those it strikes, dealing additional fire damage.
   Big, fiery blades are also staple armaments of hydra-hunters.
   It freezes those it strikes, dealing additional cold damage.
   It can also slow down cold-blooded creatures.
   It becomes more effective when it hits something.
   This effect fades over time.
 b - the +18 lance "Wyrmbane" {slay drac, rPois rF+ rC+ AC+3}
   (You found it on level 3 of the Crypt)

   It inflicts extra damage against dragons and draconians.
   AC:        It affects your AC (+3).
   rF:        It protects you from fire.
   rC:        It protects you from cold.
   rPois:     It protects you from poison.
 v - a +9 eveningstar of holy wrath (weapon)
 A - the +0 staff of Battle
   (You acquired it in Pandemonium)

   It enhances your conjuration magic.
   It summons a battlesphere in combat, with strength depending on Conjurations
   skill.
   Its strikes trigger the battlesphere's blasts.
 P - a +9 vorpal broad axe
Missiles
 B - 4 curare-tipped darts (quivered)
 E - 3 atropa-tipped darts
 J - 10 throwing nets
Armour
 m - a +1 cloak of willpower (worn)
 n - a +0 pair of gloves of strength (worn)
 F - a +0 tower shield of reflection (worn)
 I - the +1 pair of boots of the Shining Light {Drain Will+ Int+4}
   (You found it in Pandemonium)

   Int:       It affects your intelligence (+4).
   Drain:     It drains your maximum health when unequipped.
   Will:      It increases your willpower.
 N - +9 gold dragon scales (worn)
 O - the +2 helmet of Baiminoa (worn) {rC+ Dex+3 Slay+3}
   (You found it on level 5 of the Pits of Slime)

   Dex:       It affects your dexterity (+3).
   Slay:      It affects your accuracy & damage with ranged weapons and melee
   (+3).
   rC:        It protects you from cold.
 R - the +0 pair of boots "Iduav" (worn) {Fly rC+ Int+4}
   (You found it on level 5 of the Vaults)

   Int:       It affects your intelligence (+4).
   rC:        It protects you from cold.
   Fly:       It grants you flight.
Jewellery
 d - the ring "Egailat" (left hand) {Will+ Dex+2 Slay+2 SInv}
   (You found it in Pandemonium)

   [ring of see invisible]

   Dex:       It affects your dexterity (+2).
   Slay:      It affects your accuracy & damage with ranged weapons and melee
   (+2).
   SInv:      It lets you see invisible.
   Will:      It increases your willpower.
 h - the amulet of Pyromania (around neck) {Faith rF+ Int+7}
   (You acquired it on level 13 of the Dungeon)

   [amulet of faith]

   It allows you to gain divine favour quickly.
   Int:       It affects your intelligence (+7).
   rF:        It protects you from fire.
 X - the ring "Gaxoes" {Ice rElec rPois}
   (You found it in an ice cave)

   [ring of ice]

   It enhances your ice magic.
   rF:        It makes you vulnerable to fire.
   rC:        It protects you from cold.
   rElec:     It insulates you from electricity.
   rPois:     It protects you from poison.
 Z - the ring of the Tortoise (right hand) {AC+8}
   (You took it off a minotaur in a Gauntlet)

   [ring of protection]

   AC:        It affects your AC (+8).
Wands
 i - a wand of light (30)
 r - a wand of polymorph (20)
 z - a wand of digging (11)
 D - a wand of paralysis (15)
 H - a wand of roots (37)
 M - a wand of mindburst (36)
Scrolls
 f - 2 scrolls of enchant weapon
 g - 9 scrolls of magic mapping
 k - 3 scrolls of silence {!r}
 l - 4 scrolls of immolation
 s - 13 scrolls of butterflies
 x - 19 scrolls of teleportation
 y - 9 scrolls of blinking
 C - 5 scrolls of vulnerability
 G - 9 scrolls of fear
 K - 10 scrolls of poison
 Y - 6 scrolls of summoning
Potions
 c - 8 potions of ambrosia
 j - 19 potions of curing
 o - 8 potions of resistance
 p - 16 potions of haste
 u - 10 potions of heal wounds
 L - 5 potions of magic
 Q - 3 potions of brilliance
 S - 8 potions of might
 T - 18 potions of lignification {!q}
 U - 3 potions of mutation {!q}
 W - 5 potions of cancellation
Miscellaneous
 e - a lightning rod (4/4)
 q - a phial of floods
 t - a phantom mirror
 w - a tin of tremorstones (2/2)
 V - a box of beasts


   Skills:
 + Level 21.6 Fighting
 + Level 20.8 Short Blades
 + Level 20.8 Long Blades
 + Level 20.8 Axes
 O Level 27 Maces & Flails
 + Level 20.8 Polearms
 + Level 20.8 Staves
 + Level 20.8 Ranged Weapons
 + Level 20.8 Throwing
 + Level 20.8 Armour
 + Level 21.6 Dodging
 + Level 21.1 Stealth
 + Level 21.1 Shields
 + Level 20.8 Unarmed Combat
 + Level 25.0 Spellcasting
 + Level 17.8 Conjurations
 + Level 17.8 Hexes
 + Level 17.8 Summonings
 + Level 17.8 Necromancy
 + Level 17.8 Translocations
 + Level 17.8 Transmutations
 + Level 17.8 Fire Magic
 + Level 17.8 Ice Magic
 + Level 17.8 Air Magic
 + Level 17.8 Earth Magic
 + Level 17.8 Poison Magic
 + Level 22.4 Invocations
 + Level 25.1 Evocations


You had 45 spell levels left.
You knew the following spells:

 Your Spells              Type           Power      Damage    Failure   Level
a - Apportation           Tloc           100%       N/A       1%          1
b - Lesser Beckoning      Tloc           100%       N/A       1%          3
c - Portal Projectile     Hex/Tloc       100%       N/A       1%          3
d - Tukima's Dance        Hex            82%        N/A       1%          3
e - Blink                 Tloc           100%       N/A       1%          2
f - Cause Fear            Hex            41%        N/A       1%          4
g - Manifold Assault      Tloc           82%        N/A       1%          4
p - Passwall              Tmut/Erth      68%        N/A       1%          2
y - Yara's Violent Unrav  Hex/Tmut       41%        3d16      1%          5
P - Passage of Golubria   Tloc           82%        N/A       1%          4

Your spell library contained the following spells:

 Spells                   Type           Power      Damage    Failure   Level
 Beastly Appendage        Tmut           100%       N/A       1%          1
 Foxfire                  Conj/Fire      100%       2x1d9     1%          1
 Freeze                   Ice            100%       1d10      1%          1
 Kiss of Death            Conj/Necr      100%       2d13      1%          1
 Magic Dart               Conj           100%       1d8       1%          1
 Necrotise                Necr           100%       1d9       1%          1
 Sandblast                Erth           100%       2d20      1%          1
 Slow                     Hex            100%       N/A       1%          1
 Sting                    Tmut/Pois      100%       1d8       1%          1
 Summon Small Mammal      Summ           100%       N/A       1%          1
 Cigotuvi's Dreadful Rot  Necr/Pois/Air  100%       N/A       1%          2
 Ensorcelled Hibernation  Hex/Ice        100%       N/A       1%          2
 Momentum Strike          Conj/Tloc      100%       3d10      1%          2
 Poisonous Vapours        Pois/Air       100%       N/A       1%          2
 Scorch                   Fire           100%       2d10      1%          2
 Searing Ray              Conj           100%       2d8       1%          2
 Sublimation of Blood     Necr           82%        N/A       1%          2
 Wereblood                Tmut           82%        N/A       1%          2
 Confusing Touch          Hex            82%        N/A       1%          3
 Dazzling Flash           Conj/Hex       100%       N/A       1%          3
 Frozen Ramparts          Ice            100%       1d16      1%          3
 Gell's Gravitas          Tloc           82%        N/A       1%          3
 Hailstorm                Conj/Ice       82%        3d17      1%          3
 Ignite Poison            Fire/Tmut/Pois 82%        N/A       1%          3
 Inner Flame              Hex/Fire       82%        N/A       1%          3
 Mephitic Cloud           Conj/Pois/Air  82%        N/A       1%          3
 Ozocubu's Armour         Ice            82%        N/A       1%          3
 Spider Form              Tmut/Pois      82%        N/A       1%          3
 Stone Arrow              Conj/Erth      100%       3d13      1%          3
 Summon Guardian Golem    Hex/Summ       82%        N/A       1%          3
 Swiftness                Air            82%        N/A       1%          3
 Teleport Other           Tloc           82%        N/A       1%          3
 Vampiric Draining        Necr           82%        2d11      1%          3
 Anguish                  Hex/Necr       41%        N/A       1%          4
 Animate Armour           Summ/Erth      100%       N/A       1%          4
 Dispel Undead            Necr           82%        3d27      1%          4
 Flame Wave               Conj/Fire      82%        2d18      1%          4
 Fulminant Prism          Conj/Hex       41%        3d20      1%          4
 Ice Form                 Ice/Tmut       82%        N/A       1%          4
 Iskenderun's Mystic Bla  Conj/Tloc      82%        2d16      1%          4
 Leda's Liquefaction      Hex/Erth       41%        N/A       1%          4
 Olgreb's Toxic Radiance  Pois           82%        N/A       1%          4
 Petrify                  Tmut/Erth      82%        N/A       1%          4
 Sticky Flame             Conj/Fire      82%        2d9       1%          4
 Summon Ice Beast         Ice/Summ       82%        N/A       1%          4
 Summon Lightning Spire   Summ/Air       82%        N/A       1%          4
 Agony                    Necr           82%        N/A       1%          5
 Alistair's Intoxication  Tmut/Pois      54%        N/A       1%          5
 Blade Hands              Tmut           41%        N/A       1%          5
 Borgnjor's Vile Clutch   Necr/Erth      41%        N/A       1%          5
 Fireball                 Conj/Fire      41%        3d17      1%          5
 Irradiate                Conj/Tmut      41%        3d25      1%          5
 Iskenderun's Battlesphe  Conj           82%        2d13      1%          5
 Lee's Rapid Deconstruct  Erth           41%        3d20*     1%          5
 Metabolic Englaciation   Hex/Ice        41%        N/A       1%          5
 Silence                  Hex/Air        41%        N/A       1%          5
 Summon Forest            Summ/Tloc      41%        N/A       1%          5
 Summon Mana Viper        Hex/Summ       82%        N/A       1%          5
 Dispersal                Tloc           41%        N/A       3%          6
 Eringya's Noxious Bog    Tmut/Pois      41%        N/A       3%          6
 Iron Shot                Conj/Erth      41%        9d8       3%          6
 Simulacrum               Ice/Necr       41%        N/A       3%          6
 Starburst                Conj/Fire      41%        6d12      3%          6
 Statue Form              Tmut/Erth      54%        N/A       3%          6
 Summon Cactus Giant      Summ           41%        N/A       3%          6
 Dragon Form              Tmut           41%        N/A       19%         7
 Enfeeble                 Hex            41%        N/A       19%         7
 Haunt                    Necr/Summ      41%        N/A       19%         7
 Monstrous Menagerie      Summ           41%        N/A       19%         7
 Orb of Destruction       Conj           41%        9d11      19%         7
 Ozocubu's Refrigeration  Ice            41%        4d16      19%         7
 Spellforged Servitor     Conj/Summ      41%        N/A       19%         7
 Storm Form               Tmut/Air       41%        N/A       19%         7
 Discord                  Hex            41%        N/A       80%         8
 Disjunction              Tloc           41%        N/A       80%         8
 Ignition                 Fire           41%        3d12      80%         8
 Death's Door             Necr           41%        N/A       100%        9
 Fire Storm               Conj/Fire      41%        8d10      100%        9


Dungeon Overview and Level Annotations

Branches:
Dungeon (15/15)            Temple (0/1) D:7            Lair (5/5) D:11
 Shoals (4/4) Lair:3       Spider (4/4) Lair:3        Slime (5/5) Lair:4
    Orc (2/2) D:9             Elf (3/3) Orc:2        Vaults (5/5) D:14
  Crypt (3/3) Vaults:2       Tomb (0/3) Crypt:3      Depths (4/4) D:15
    Zot (4/5) Depths:4     Bailey (visited)           IceCv (visited)
 WizLab (visited)         Desolation (visited)      Gauntlet (visited)

Altars:
Ashenzari
Cheibriados
Dithmenos
Elyvilon
Fedhas
Gozag
Hepliaklqana
Kikubaaqudgha
Makhleb
Okawaru
Qazlal
Ru
Sif Muna
Uskayaw
Wu Jian
Xom
Yredelemnul
Zin
The Shining One
Jiyva
Lugonu

Shops:
D:4 *   D:8 [   D:13 [=*(   Orc:1 [   Orc:2 !!(=   Depths:3 =!*

Portals:
Hell: Lair:5 Depths:1 Depths:2 Depths:3 Depths:4
Abyss: Shoals:2 Depths:3
Pandemonium: Orc:2 Depths:1 Depths:2
Ziggurat: Depths:1

Annotations:
D:9 mage gants
Shoals:4 dtrident
Vaults:5 ?EW
Depths:2 +5 dblade
Depths:3 +5 dtrident
Depths:4 broad axe
Zot:4 4 transporters


Innate Abilities, Weirdness & Mutations

You have very sharp teeth.
Your uncanny sense of smell can sniff out nearby items.
Your experience applies equally to all skills.
Potions are less effective at restoring your health.
You sometimes lose the ability to drink potions when taking damage.
You expend magic power (3 MP) to strengthen your wands.


Message History

You hit the Hell Sentinel.
The Hell Sentinel convulses.
The Hell Sentinel is lightly wounded.
You block the Hell Sentinel's attack. x2
You sock the Hell Sentinel!
The Hell Sentinel convulses.
The Hell Sentinel is lightly wounded.
You block the Hell Sentinel's attack. x2
Unknown command.
You beat the Hell Sentinel like a drum!!!
The Hell Sentinel convulses!!
The Hell Sentinel is severely wounded.
You hit the Hell Sentinel but do no damage.
You bite the Hell Sentinel, but do no damage.
The Hell Sentinel is severely wounded.
The Hell Sentinel gestures at you.
The sphere of damnation explodes!
The damnation engulfs you!!
The damnation engulfs the Hell Sentinel.
The Hell Sentinel completely resists.
You hit the Hell Sentinel but do no damage.
The Hell Sentinel is severely wounded.
You block the Hell Sentinel's attack. The Hell Sentinel barely misses you.
You sock the Hell Sentinel!
The Hell Sentinel convulses.
The Hell Sentinel is severely wounded.
You block the Hell Sentinel's attack. x2
Unknown command.
You hit the Hell Sentinel but do no damage.
The Hell Sentinel is severely wounded.
You block the Hell Sentinel's attack. The Hell Sentinel barely misses you.
You hit the Hell Sentinel but do no damage.
The Hell Sentinel is severely wounded.
You hit the Hell Sentinel.
The Hell Sentinel convulses!
The Hell Sentinel is severely wounded.
The Hell Sentinel gestures at you. The iron shot hits you!!!
* * * LOW HITPOINT WARNING * * *
You bludgeon the Hell Sentinel!!
The Hell Sentinel convulses!
You bite the Hell Sentinel, but do no damage.
The Hell Sentinel is almost dead.
The Hell Sentinel gestures at you.
The sphere of damnation explodes!
The damnation engulfs you!!!
You die...

#.....# .... ###...#
.... #...# ....#
#...#### #... ###....#
.#... #)...#
3....############....#
#.................#
#.........3.1@....#
#........(........#
###.....###########
#.....# #.....#
#.....# ......##
.......# .......#


You could see a Hell Sentinel (black mark) and a smoke demon.

Vanquished Creatures
  Cerebov (Pan)
  the Royal Jelly (Slime:5)
  Gloorx Vloq (Pan)
  Mnoleg (Pan)
  Tiamat (Zot:2)
  A dread lich (Vaults:4)
  An ancient lich (Depths:2)
  Mennas (Vaults:2)
  A juggernaut (Depths:4)
  Frederick (Crypt:1)
  Vv (Depths:2)
  3 Killer Klowns (Zot:4)
  Saint Roka (Vaults:4)
  Bai Suzhen (Depths:2)
  2 curse toes
  The ghost of Dyrphilu the Spry, an adept GnMo of Gozag (Vaults:2)
  9 golden dragons
  Jory (Crypt:3)
  A bone dragon (Crypt:3)
  4 pandemonium lords (Pan)
  A profane servitor (Crypt:3)
  Arachne (Spider:4)
  An electric golem (Zot:2)
  A Tzitzimitl (Pan)
  2 Brimstone Fiends (Pan)
  A hellephant (Abyss:3)
  15 tentacled monstrosities
  4 Ice Fiends (Pan)
  4 Hell Sentinels
  A deep elf blademaster (Elf:3)
  5 liches
  9 titans
  18 acid blobs
  5 quicksilver dragons
  2 tentacled starspawn (Abyss:3)
  2 krakens
  A deep elf master archer (Elf:3)
  7 death cobs
  10 shadow dragons
  4 sphinxes
  23 Executioners (Pan)
  6 ancient champions
  4 revenants
  5 rockslimes (Slime:5)
  12 storm dragons
  5 tengu reavers
  7 demonspawn warmongers (Pan)
  4 fire giants
  12 frost giants
  6 draconian monks
  An iron dragon (Depths:4)
  3 deep elf sorcerers
  5 draconian knights
  2 draconian shifters
  Louise (D:14)
  5 azure jellies (Slime:5)
  4 emperor scorpions
  4 spectral caustic shrikes (Depths:3)
  8 ghost moths
  18 vault wardens
  A ghoul (Crypt:3)
  3 orc warlords
  11 cacodemons (Pan)
  2 draconian stormcallers
  3 deep elf elementalists
  17 ironbound preservers
  2 curse skulls (Pan)
  4 angels (Zot:4)
  3 draconian annihilators
  13 balrugs (Pan)
  2 spriggan defenders
  8 quicksilver oozes
  5 draconian scorchers
  17 very ugly things
  7 demonspawn corrupters (Pan)
  5 reapers
  A broodmother (Spider:1)
  A caustic shrike skeleton (Depths:3)
  6 demonspawn blood saints (Pan)
  15 stone giants
  3 war gargoyles
  14 vampire knights
  2 juggernaut skeletons
  6 ironbound thunderhulks
  A deep elf demonologist (Elf:3)
  16 white draconians
  9 green draconians
  15 black draconians
  7 deep elf annihilators
  5 demonspawn black suns (Pan)
  8 red draconians
  9 lorocyprocas (Pan)
  16 purple draconians
  A dire elephant (shapeshifter) (Depths:4)
  A halazid warlock (Desolation)
  10 dire elephants
  5 spark wasps
  3 crystal guardians
  6 yellow draconians
  7 fire dragons
  A merfolk javelineer (Shoals:4)
  14 ettins
  6 green deaths
  7 eidola
  7 entropy weavers
  7 blizzard demons
  8 deep elf death magi
  27 jiangshi
  7 merfolk impalers
  3 ragged hierophants (Desolation)
  Josephine (Lair:5)
  14 yaktaur captains
  6 deep elf high priests
  A great orb of eyes (shapeshifter) (Depths:4)
  A rakshasa (Depths:1)
  10 great orbs of eyes
  A spriggan zombie (Depths:3)
  10 spriggan air magi
  Harold (Lair:2)
  An anaconda (shapeshifter) (Vaults:4)
  4 servants of whispers (Desolation)
  3 hell beasts
  A quicksilver dragon skeleton (Depths:3)
  38 vault guards
  2 ogre magi (Vaults:5)
  An ice dragon (shapeshifter) (Abyss:3)
  7 peacekeepers
  2 jorogumos
  2 radroaches
  6 ice dragons
  2 merfolk avatars (Shoals:1)
  4 ironbound frosthearts
  3 catoblepae
  A demonspawn (Orc:2)
  2 alligator snapping turtles (Shoals:4)
  2 fenstrider witch skeletons (Pan)
  4 death knights
  2 deep troll shamans
  The ghost of Supernova1 the Cleaver, a novice MiBe of Trog (D:9)
  17 centaur warriors
  A jorogumo (shapeshifter) (Vaults:5)
  4 merfolk aquamancers
  2 two-headed ogres
  8 boulder beetles
  3 spriggan skeletons
  A titan zombie (Depths:3)
  26 dancing weapons
  A satyr (Shoals:4)
  5 death yaks
  4 hell hogs (Depths:1)
  A thrashing horror (Abyss:3)
  Urug (Lair:1)
  5 deep troll earth magi
  8 tengu warriors
  9 vampire magi
  A shock serpent (shapeshifter) (Vaults:3)
  3 spriggan berserkers
  6 orc high priests (Orc:2)
  A storm dragon zombie (Crypt:1)
  53 sun demons
  Nergalle (Lair:2)
  20 soul eaters
  A fire crab (shapeshifter) (Vaults:5)
  33 skeletal warriors
  24 hell knights
  10 deep elf knights
  15 sixfirhies (Pan)
  3 sun moths
  11 shadow wraiths
  2 anaconda zombies (Crypt:2)
  Amaemon (D:8)
  4 pharaoh ants
  6 iron trolls
  43 deep trolls
  9 flayed ghosts
  13 sea snakes
  18 shadow demons (Pan)
  24 large abominations
  4 steelbarb worms
  An iron giant zombie (Abyss:3)
  3 deep elf archers
  9 glowing orange brains
  11 harpies
  A golden dragon skeleton (Depths:3)
  4 lindwurms
  4 sphinx zombies (Depths:3)
  4 orb spiders
  16 phantasmal warriors
  12 wizards
  Pikel (D:6)
  A shadow dragon zombie (Depths:3)
  16 orc knights
  An anaconda skeleton (Crypt:2)
  19 ironbound convokers
  15 deep elf zephyrmancers
  16 necromancers
  2 iron dragon zombies
  17 deep elf pyromancers
  A wolf spider (shapeshifter) (Vaults:4)
  5 orc sorcerers (Orc:2)
  A goliath frog zombie (Crypt:2)
  4 cyclopes
  A stone giant zombie (Crypt:3)
  A salamander (D:15)
  A frost giant zombie (Vaults:2)
  2 worldbinders
  An oklob plant (Lair:3)
  39 ugly things
  15 manticores
  2 shining eyes
  81 slime creatures
  13 wolf spiders
  17 moths of wrath
  2 tengu skeletons (Depths:3)
  A sphinx skeleton (Depths:3)
  7 fauns (Shoals:1)
  A human skeleton (Vaults:2)
  17 vault sentinels
  A titan simulacrum (Crypt:2)
  7 elephants
  4 apocalypse crabs
  6 black mambas
  7 merfolk sirens
  2 rust devils
  23 smoke demons
  2 ice statues (IceCv)
  23 orange demons
  A centaur skeleton (Pan)
  Maggie (D:8)
  5 water nymphs
  2 gargoyles
  8 cane toads
  A grey draconian zombie (Crypt:1)
  5 torpor snails
  A catoblepas zombie (Crypt:1)
  8 rime drakes
  24 demonic crawlers
  4 tormentors (Pan)
  17 yaktaurs
  4 efreet
  An alligator snapping turtle skeleton (Pan)
  5 hellions
  9 komodo dragons
  7 hellwings (Pan)
  A white draconian skeleton (Crypt:1)
  4 freezing wraiths
  An unseen horror (Pan)
  A spectral harpy (Crypt:3)
  6 ice devils
  4 ancient zymes (Abyss:3)
  A grey draconian skeleton (Crypt:1)
  5 tengu conjurers
  A black draconian skeleton (Crypt:2)
  A queen bee (shapeshifter) (D:14)
  2 silent spectres (Abyss:3)
  A hydra zombie (Abyss:3)
  A polar bear (Lair:5)
  4 red devils
  A meliai (shapeshifter) (Vaults:5)
  A slime creature (shapeshifter) (Elf:2)
  A queen bee (Gauntlet)
  28 tarantellas
  7 trolls
  Prince Ribbit (D:8)
  2 harpy skeletons (Pan)
  17 merfolk
  3 wind drakes
  6 hornets
  A moth of wrath zombie (Crypt:1)
  A boulder beetle zombie (Crypt:1)
  A sphinx simulacrum (Vaults:1)
  22 dream sheep
  13 blink frogs
  A stone giant simulacrum (Crypt:3)
  A raiju (shapeshifter) (D:15)
  23 saltlings
  2 ettin skeletons
  11 snapping turtles
  Sigmund (D:6)
  2 air elementals (Elf:1)
  A centaur simulacrum (D:15)
  14 ynoxinuls (Pan)
  66 flying skulls
  27 jumping spiders
  6 shadows
  9 water elementals
  12 culicivoras
  4 spriggans
  13 wraiths
  A tyrant leech zombie (Crypt:1)
  A vampire (Bailey)
  46 yaks
  6 wyverns
  A basilisk (Lair:2)
  9 humans (D:14)
  A steam dragon (D:9)
  3 fire elementals
  A black mamba skeleton (Pan)
  2 golden eyes (Abyss:3)
  14 chaos spawn
  23 neqoxecs (Pan)
  A harpy simulacrum (Crypt:2)
  20 vampire mosquitoes
  67 redbacks
  A fire bat zombie (Crypt:2)
  3 wargs
  2 acid dragons
  A glowing shapeshifter zombie (Depths:3)
  Edmund (D:5)
  14 water moccasins
  Duvessa (D:6)
  A naga skeleton (Pan)
  3 floating eyes
  3 hell hounds (Lair:5)
  3 black bears
  34 orc warriors
  2 sky beasts (D:6)
  An ice beast (D:6)
  A boggart (Vaults:2)
  3 centaurs
  20 wolves
  8 ogres
  A phantom (D:5)
  4 kobold brigands
  9 small abominations
  4 necrophages (Crypt:3)
  5 bullfrogs
  7 gnoll sergeants
  5 scorpions
  2 human zombies
  12 wights
  4 earth elementals
  Dowan (D:6)
  11 killer bees
  A warg skeleton (Crypt:2)
  4 electric eels
  A lindwurm simulacrum (IceCv)
  7 vampire bats (Bailey)
  4 wolf zombies (Bailey)
  7 komodo dragon simulacra (IceCv)
  A starcursed mass (Abyss:3)
  9 hounds
  A jelly (D:6)
  21 orc priests
  A gnoll bouda (D:10)
  5 iguanas
  12 orc wizards
  5 hell rats (Lair:3)
  An ice beast zombie (Crypt:1)
  A deep dwarf skeleton (Crypt:2)
  23 gnolls
  8 acid dragon simulacra (IceCv)
  5 adders
  2 shadow imps
  2 white imps
  3 ufetubi
  5 steam dragon simulacra (IceCv)
  A jelly zombie (Crypt:1)
  4 dart slugs
  76 orcs
  6 bats
  5 endoplasms
  3 giant cockroaches
  5 goblins
  4 hobgoblins
  7 jackals (D:1)
  3 quokkas
  4 ball pythons
  5 frilled lizards
  11 kobolds
  22 orc zombies (Bailey)
  3 rats
  3 tentacles (Shoals:1)
2683 creatures vanquished.

Vanquished Creatures (collateral kills)
  A Brimstone Fiend (Depths:1)
  Mlioglotl (Spider:1)
  An Ice Fiend (Depths:1)
  A tentacled monstrosity (Pan)
  A Hell Sentinel (Abyss:3)
  A pandemonium lord (Pan)
  Asterion (Vaults:1)
  Zenata (Vaults:1)
  An acid blob (Slime:5)
  A deep elf master archer (Elf:3)
  The ghost of gabibbone the Spry, an adept TeBr of Kikubaaqudgha (Elf:3)
  An eldritch tentacle (Pan)
  A kraken (Shoals:4)
  A tentacled starspawn (Abyss:3)
  4 deep elf sorcerers (Elf:3)
  A fire giant (Depths:1)
  An imperial myrmidon (Desolation)
  2 balrugs (Depths:1)
  Aizul (Spider:1)
  2 vault wardens (Vaults:1)
  3 emperor scorpions
  A cacodemon (Pan)
  4 deep elf elementalists (Elf:3)
  4 very ugly things (Depths:1)
  An ironbound preserver (Vaults:1)
  3 deep elf demonologists (Elf:3)
  2 ironbound thunderhulks (Vaults:1)
  4 deep elf annihilators (Elf:3)
  A black draconian (Zot:2)
  A dire elephant (Vaults:1)
  A vampire knight (Crypt:3)
  A minotaur (Gauntlet)
  2 halazid warlocks (Desolation)
  2 deep elf death magi (Elf:3)
  An orange crystal statue (WizLab)
  A merfolk impaler (Shoals:4)
  The ghost of Wirisus the Skirmisher, a journeyman GnHu of Fedhas (Lair:3)
  A blizzard demon (Depths:1)
  5 ragged hierophants (Desolation)
  A deep elf high priest (Elf:3)
  A crystal guardian (Desolation)
  4 vault guards
  2 hydras
  8 servants of whispers (Desolation)
  A rakshasa (Abyss:3)
  3 peacekeepers (Desolation)
  2 alligator snapping turtles
  8 dancing weapons
  A satyr (Shoals:4)
  A death yak (Lair:5)
  A merfolk aquamancer (Shoals:4)
  A thrashing horror (Shoals:2)
  A hell hog (Abyss:3)
  7 sun demons
  3 deep elf knights
  A sixfirhy (Pan)
  2 skeletal warriors (D:14)
  A sea snake (Shoals:4)
  4 deep trolls (Vaults:1)
  A shadow wraith (Vaults:2)
  2 pharaoh ants (Spider:3)
  4 steelbarb worms
  A sun moth (Spider:3)
  An orc knight (Vaults:1)
  An ironbound convoker (Desolation)
  2 deep elf zephyrmancers
  A kraken simulacrum (Shoals:4)
  An orb spider (Spider:4)
  A deep elf archer (Elf:3)
  A wizard (D:14)
  A shadow demon (Pan)
  3 ugly things
  5 wolf spiders
  A worldbinder (Shoals:2)
  A manticore (Shoals:4)
  A cyclops (D:14)
  A moth of wrath (Spider:3)
  2 guardian serpents (Desolation)
  A merfolk siren (Shoals:1)
  An elephant (Lair:5)
  4 cane toads (Lair:5)
  2 torpor snails
  6 yaktaurs
  2 demonic crawlers (Spider:3)
  2 hellwings
  3 ice devils (Depths:1)
  A tengu conjurer (Depths:2)
  A troll (D:14)
  2 red devils (Lair:5)
  2 wind drakes (Shoals:4)
  A queen bee (shapeshifter) (D:14)
  A tarantella (Spider:4)
  2 merfolk (Shoals:4)
  38 saltlings
  2 snapping turtles
  6 slime creatures
  4 jumping spiders
  3 culicivoras
  A wyvern (Lair:5)
  2 fire elementals
  11 humans (D:14)
  6 large abominations
  5 redbacks
  A neqoxec (Shoals:2)
  3 small abominations (Gauntlet)
  A vampire mosquito (D:14)
  2 spatial vortices (Shoals:2)
  A hell hound (Lair:5)
  5 killer bees (Gauntlet)
  2 starcursed masses (Abyss:3)
  An iron imp (Abyss:3)
  3 orcs
  A hobgoblin (D:4)
  A kobold (D:4)
  A rat (D:3)
  2 fire vortices (Pan)
  6 tentacles
287 creatures vanquished.

Vanquished Creatures (others)
  A death cob (Zot:3)
  A yellow draconian (Depths:4)
  A deep elf zephyrmancer (Elf:3)
  A rime drake (IceCv)
  A saltling (Desolation)
  An air elemental (Elf:3)
  A neqoxec (Pan)
  An orc wizard (Vaults:5)
  4 demonic plants (Gauntlet)
  A fire vortex (Pan)
  34 fungi
  A lurking horror (Abyss:3)
  6 pillars of salt (Zot:4)
  66 plants
  9 starspawn tentacles (Abyss:3)
  22 tentacles
151 creatures vanquished.

Grand Total: 3121 creatures vanquished

Notes
Turn   | Place    | Note
-------+----------+-------------------------------------------
     0 | D:1      | mopl the Gnoll Monk began the quest for the Orb.
     0 | D:1      | Reached XP level 1. HP: 23/23 MP: 1/1
   147 | D:1      | Found a faded altar of an unknown god.
   152 | D:1      | Reached XP level 2. HP: 29/29 MP: 2/2
   158 | D:1      | Prayed at the altar of an unknown god.
   158 | D:1      | Became a worshipper of the Shining One
   158 | D:1      | Reached * piety under the Shining One
   158 | D:1      | Reached ** piety under the Shining One
   374 | D:1      | Reached *** piety under the Shining One
   912 | D:2      | Reached XP level 3. HP: 33/35 MP: 3/3
   993 | D:2      | Reached skill level 1 in Invocations
  1372 | D:3      | Reached skill level 1 in Short Blades
  1372 | D:3      | Reached skill level 1 in Long Blades
  1372 | D:3      | Reached skill level 1 in Axes
  1372 | D:3      | Reached skill level 1 in Polearms
  1372 | D:3      | Reached skill level 1 in Staves
  1372 | D:3      | Reached skill level 1 in Ranged Weapons
  1372 | D:3      | Reached skill level 1 in Throwing
  1372 | D:3      | Reached skill level 1 in Armour
  1372 | D:3      | Reached skill level 1 in Shields
  1372 | D:3      | Reached skill level 1 in Unarmed Combat
  1372 | D:3      | Reached skill level 1 in Spellcasting
  1372 | D:3      | Reached skill level 1 in Evocations
  1406 | D:3      | Reached XP level 4. HP: 33/41 MP: 5/5
  1420 | D:3      | Found a sacrificial altar of Ru.
  1441 | D:3      | Found an ancient bone altar of Kikubaaqudgha.
  1445 | D:3      | Found a blossoming altar of Fedhas.
  1498 | D:3      | Reached skill level 1 in Conjurations
  1498 | D:3      | Reached skill level 1 in Hexes
  1498 | D:3      | Reached skill level 1 in Summonings
  1498 | D:3      | Reached skill level 1 in Necromancy
  1498 | D:3      | Reached skill level 1 in Translocations
  1498 | D:3      | Reached skill level 1 in Transmutations
  1498 | D:3      | Reached skill level 1 in Fire Magic
  1498 | D:3      | Reached skill level 1 in Ice Magic
  1498 | D:3      | Reached skill level 1 in Air Magic
  1498 | D:3      | Reached skill level 1 in Earth Magic
  1498 | D:3      | Reached skill level 1 in Poison Magic
  1511 | D:3      | Found a broken altar of Ashenzari.
  1539 | D:3      | Reached XP level 5. HP: 47/47 MP: 5/7
  1568 | D:3      | Saw a vision of the Shoals and the Spider Nest.
  1568 | D:3      | Noticed a harpy
  1568 | D:3      | Noticed a sea snake
  1568 | D:3      | Noticed a merfolk impaler
  1568 | D:3      | Noticed a culicivora
  1568 | D:3      | Noticed a culicivora
  1568 | D:3      | Noticed a pharaoh ant
  1568 | D:3      | Noticed a jumping spider
  1568 | D:3      | Noticed a jumping spider
  1568 | D:3      | Noticed a culicivora
  1568 | D:3      | Noticed a culicivora
  1568 | D:3      | Noticed a demonic crawler
  1568 | D:3      | Noticed an emperor scorpion
  1568 | D:3      | Noticed a steelbarb worm
  1568 | D:3      | Noticed a sun moth
  1568 | D:3      | Noticed a boulder beetle
  1569 | D:3      | Noticed a spark wasp
  1569 | D:3      | Noticed a wolf spider
  1570 | D:3      | Noticed a merfolk
  1570 | D:3      | Noticed a tarantella
  1570 | D:3      | Noticed a redback
  1571 | D:3      | Noticed a merfolk
  1571 | D:3      | Noticed a jumping spider
  1572 | D:3      | Noticed a ghost moth
  1572 | D:3      | Noticed a demonic crawler
  1619 | D:3      | Found an iron altar of Okawaru.
  1620 | D:3      | Reached **** piety under the Shining One
  1965 | D:3      | Found a burning altar of Makhleb.
  2081 | D:4      | Found Wixipta's General Store.
  2109 | D:4      | Bought a scroll of teleportation for 42 gold pieces
  2109 | D:4      | Bought a scroll of identify for 28 gold pieces
  2109 | D:4      | Bought a scroll of identify for 28 gold pieces
  2157 | D:4      | Reached skill level 2 in Invocations
  2244 | D:4      | Reached XP level 6. HP: 53/53 MP: 8/8
  2358 | D:4      | Found a snail-covered altar of Cheibriados.
  2503 | D:5      | Entered Level 5 of the Dungeon
  2534 | D:5      | Reached skill level 2 in Short Blades
  2534 | D:5      | Reached skill level 2 in Long Blades
  2534 | D:5      | Reached skill level 2 in Axes
  2534 | D:5      | Reached skill level 2 in Polearms
  2534 | D:5      | Reached skill level 2 in Staves
  2534 | D:5      | Reached skill level 2 in Ranged Weapons
  2534 | D:5      | Reached skill level 2 in Throwing
  2534 | D:5      | Reached skill level 2 in Armour
  2534 | D:5      | Reached skill level 2 in Shields
  2534 | D:5      | Reached skill level 2 in Unarmed Combat
  2534 | D:5      | Reached skill level 2 in Spellcasting
  2534 | D:5      | Reached skill level 2 in Evocations
  2600 | D:5      | Reached skill level 7 in Fighting
  2600 | D:5      | Reached skill level 7 in Maces & Flails
  2600 | D:5      | Reached skill level 7 in Dodging
  2600 | D:5      | Reached XP level 7. HP: 55/60 MP: 10/10
  2612 | D:5      | Noticed Edmund
  2615 | D:5      | Reached skill level 2 in Conjurations
  2615 | D:5      | Reached skill level 2 in Hexes
  2615 | D:5      | Reached skill level 2 in Summonings
  2615 | D:5      | Reached skill level 2 in Necromancy
  2615 | D:5      | Reached skill level 2 in Translocations
  2615 | D:5      | Reached skill level 2 in Transmutations
  2615 | D:5      | Reached skill level 2 in Fire Magic
  2615 | D:5      | Reached skill level 2 in Ice Magic
  2615 | D:5      | Reached skill level 2 in Air Magic
  2615 | D:5      | Reached skill level 2 in Earth Magic
  2615 | D:5      | Reached skill level 2 in Poison Magic
  2630 | D:5      | Killed Edmund
  2631 | D:5      | Reached skill level 5 in Stealth
  2678 | D:5      | Reached skill level 3 in Invocations
  3016 | D:6      | Reached skill level 3 in Short Blades
  3016 | D:6      | Reached skill level 3 in Long Blades
  3016 | D:6      | Reached skill level 3 in Axes
  3016 | D:6      | Reached skill level 3 in Polearms
  3016 | D:6      | Reached skill level 3 in Staves
  3016 | D:6      | Reached skill level 3 in Ranged Weapons
  3016 | D:6      | Reached skill level 3 in Throwing
  3016 | D:6      | Reached skill level 3 in Armour
  3016 | D:6      | Reached skill level 3 in Shields
  3016 | D:6      | Reached skill level 3 in Unarmed Combat
  3016 | D:6      | Reached skill level 3 in Spellcasting
  3016 | D:6      | Reached skill level 3 in Evocations
  3016 | D:6      | Reached XP level 8. HP: 67/67 MP: 12/12
  3020 | D:6      | Found a stormy altar of Qazlal.
  3024 | D:6      | Found a shimmering blue altar of Sif Muna.
  3064 | D:6      | Noticed Sigmund
  3082 | D:6      | Killed Sigmund
  3110 | D:6      | Found a glowing silver altar of Zin.
  3112 | D:6      | Noticed Pikel
  3136 | D:6      | Killed Pikel
  3137 | D:6      | Reached skill level 3 in Conjurations
  3137 | D:6      | Reached skill level 3 in Hexes
  3137 | D:6      | Reached skill level 3 in Summonings
  3137 | D:6      | Reached skill level 3 in Necromancy
  3137 | D:6      | Reached skill level 3 in Translocations
  3137 | D:6      | Reached skill level 3 in Transmutations
  3137 | D:6      | Reached skill level 3 in Fire Magic
  3137 | D:6      | Reached skill level 3 in Ice Magic
  3137 | D:6      | Reached skill level 3 in Air Magic
  3137 | D:6      | Reached skill level 3 in Earth Magic
  3137 | D:6      | Reached skill level 3 in Poison Magic
  3137 | D:6      | Reached skill level 4 in Invocations
  3137 | D:6      | Reached XP level 9. HP: 71/73 MP: 14/14
  3395 | D:6      | Found a hazy altar of Hepliaklqana.
  3404 | D:6      | Reached skill level 4 in Short Blades
  3404 | D:6      | Reached skill level 4 in Long Blades
  3404 | D:6      | Reached skill level 4 in Axes
  3404 | D:6      | Reached skill level 4 in Polearms
  3404 | D:6      | Reached skill level 4 in Staves
  3404 | D:6      | Reached skill level 4 in Ranged Weapons
  3404 | D:6      | Reached skill level 4 in Throwing
  3404 | D:6      | Reached skill level 4 in Armour
  3404 | D:6      | Reached skill level 4 in Shields
  3404 | D:6      | Reached skill level 4 in Unarmed Combat
  3404 | D:6      | Reached skill level 4 in Spellcasting
  3404 | D:6      | Reached skill level 4 in Evocations
  3470 | D:6      | Noticed Duvessa
  3472 | D:6      | Noticed Dowan
  3535 | D:6      | Reached skill level 6 in Stealth
  3540 | D:6      | Killed Duvessa
  3542 | D:6      | Killed Dowan
  3823 | D:6      | Found an ornate altar of the Wu Jian Council.
  4194 | D:7      | Found a flagged portal.
  4217 | Bailey   | Entered a bailey
  4281 | Bailey   | Reached ***** piety under the Shining One
  4284 | Bailey   | Noticed a gargoyle
  4292 | Bailey   | Killed a gargoyle
  4293 | Bailey   | Reached skill level 8 in Fighting
  4293 | Bailey   | Reached skill level 8 in Maces & Flails
  4293 | Bailey   | Reached skill level 8 in Dodging
  4293 | Bailey   | Reached skill level 5 in Invocations
  4319 | Bailey   | Identified the +1 scale mail of Oily Fun {Will+ rCorr Int-5
                  | Dex+5}
  4577 | Bailey   | Reached skill level 4 in Conjurations
  4577 | Bailey   | Reached skill level 4 in Hexes
  4577 | Bailey   | Reached skill level 4 in Summonings
  4577 | Bailey   | Reached skill level 4 in Necromancy
  4577 | Bailey   | Reached skill level 4 in Translocations
  4577 | Bailey   | Reached skill level 4 in Transmutations
  4577 | Bailey   | Reached skill level 4 in Fire Magic
  4577 | Bailey   | Reached skill level 4 in Ice Magic
  4577 | Bailey   | Reached skill level 4 in Air Magic
  4577 | Bailey   | Reached skill level 4 in Earth Magic
  4577 | Bailey   | Reached skill level 4 in Poison Magic
  4703 | D:7      | Reached skill level 5 in Short Blades
  4703 | D:7      | Reached skill level 5 in Long Blades
  4703 | D:7      | Reached skill level 5 in Axes
  4703 | D:7      | Reached skill level 5 in Polearms
  4703 | D:7      | Reached skill level 5 in Staves
  4703 | D:7      | Reached skill level 5 in Ranged Weapons
  4703 | D:7      | Reached skill level 5 in Throwing
  4703 | D:7      | Reached skill level 5 in Armour
  4703 | D:7      | Reached skill level 5 in Shields
  4703 | D:7      | Reached skill level 5 in Unarmed Combat
  4703 | D:7      | Reached skill level 5 in Spellcasting
  4703 | D:7      | Reached skill level 5 in Evocations
  4703 | D:7      | Reached XP level 10. HP: 74/81 MP: 17/17
  4714 | D:7      | Reached ****** piety under the Shining One
  4838 | D:7      | Found a staircase to the Ecumenical Temple.
  5125 | D:8      | Found Ciuseucu's Antique Armour Shop.
  5343 | D:8      | Noticed Amaemon
  5343 | D:8      | Noticed an orange demon
  5384 | D:8      | Killed an orange demon
  5385 | D:8      | Reached skill level 6 in Invocations
  5388 | D:8      | Reached skill level 7 in Stealth
  5394 | D:8      | Killed Amaemon
  5672 | D:8      | Noticed Prince Ribbit
  5681 | D:8      | Killed Prince Ribbit
  5894 | D:8      | Noticed Maggie
  5905 | D:8      | Killed Maggie
  5906 | D:8      | Reached skill level 9 in Fighting
  5906 | D:8      | Reached skill level 6 in Short Blades
  5906 | D:8      | Reached skill level 6 in Long Blades
  5906 | D:8      | Reached skill level 6 in Axes
  5906 | D:8      | Reached skill level 9 in Maces & Flails
  5906 | D:8      | Reached skill level 6 in Polearms
  5906 | D:8      | Reached skill level 6 in Staves
  5906 | D:8      | Reached skill level 6 in Ranged Weapons
  5906 | D:8      | Reached skill level 6 in Throwing
  5906 | D:8      | Reached skill level 6 in Armour
  5906 | D:8      | Reached skill level 9 in Dodging
  5906 | D:8      | Reached skill level 6 in Shields
  5906 | D:8      | Reached skill level 6 in Unarmed Combat
  5906 | D:8      | Reached skill level 6 in Spellcasting
  5906 | D:8      | Reached skill level 6 in Evocations
  6064 | D:8      | Learned a level 2 spell: Blink
  6206 | D:8      | Learned a level 1 spell: Apportation
  6214 | D:8      | Reached skill level 5 in Conjurations
  6214 | D:8      | Reached skill level 5 in Hexes
  6214 | D:8      | Reached skill level 5 in Summonings
  6214 | D:8      | Reached skill level 5 in Necromancy
  6214 | D:8      | Reached skill level 5 in Translocations
  6214 | D:8      | Reached skill level 5 in Transmutations
  6214 | D:8      | Reached skill level 5 in Fire Magic
  6214 | D:8      | Reached skill level 5 in Ice Magic
  6214 | D:8      | Reached skill level 5 in Air Magic
  6214 | D:8      | Reached skill level 5 in Earth Magic
  6214 | D:8      | Reached skill level 5 in Poison Magic
  6241 | D:8      | Reached XP level 11. HP: 88/89 MP: 20/20
  6505 | D:9      | Reached skill level 7 in Invocations
  6561 | D:9      | Found a transporter.
  6566 | D:9      | Noticed a manticore
  6574 | D:9      | Noticed a fire dragon
  6575 | D:9      | Noticed a moth of wrath
  6578 | D:9      | Found the +3 Mad Mage's Maulers {Infuse+∞ RegenMP Int-3}
  6661 | D:9      | Found a transporter.
  6830 | D:9      | Found a staircase to the Orcish Mines.
  7050 | D:10     | Entered Level 10 of the Dungeon
  7529 | D:10     | Found an opulent altar of Gozag.
  7675 | D:10     | Reached skill level 8 in Stealth
  7680 | D:10     | Identified the +1 ring mail of the Little Devil {+Inv}
  8174 | D:11     | Found a white marble altar of Elyvilon.
  8226 | D:11     | Found a staircase to the Lair.
  8249 | D:11     | Noticed a two-headed ogre
  8260 | D:11     | Killed a two-headed ogre
  8261 | D:11     | Reached skill level 7 in Short Blades
  8261 | D:11     | Reached skill level 7 in Long Blades
  8261 | D:11     | Reached skill level 7 in Axes
  8261 | D:11     | Reached skill level 7 in Polearms
  8261 | D:11     | Reached skill level 7 in Staves
  8261 | D:11     | Reached skill level 7 in Ranged Weapons
  8261 | D:11     | Reached skill level 7 in Throwing
  8261 | D:11     | Reached skill level 7 in Armour
  8261 | D:11     | Reached skill level 7 in Shields
  8261 | D:11     | Reached skill level 7 in Unarmed Combat
  8261 | D:11     | Reached skill level 7 in Spellcasting
  8261 | D:11     | Reached skill level 7 in Evocations
  8601 | Lair:1   | Entered Level 1 of the Lair of Beasts
  8701 | Lair:1   | Reached XP level 12. HP: 97/97 MP: 22/22
  8794 | Lair:1   | Reached skill level 6 in Conjurations
  8794 | Lair:1   | Reached skill level 6 in Hexes
  8794 | Lair:1   | Reached skill level 6 in Summonings
  8794 | Lair:1   | Reached skill level 6 in Necromancy
  8794 | Lair:1   | Reached skill level 6 in Translocations
  8794 | Lair:1   | Reached skill level 6 in Transmutations
  8794 | Lair:1   | Reached skill level 6 in Fire Magic
  8794 | Lair:1   | Reached skill level 6 in Ice Magic
  8794 | Lair:1   | Reached skill level 6 in Air Magic
  8794 | Lair:1   | Reached skill level 6 in Earth Magic
  8794 | Lair:1   | Reached skill level 6 in Poison Magic
  8825 | Lair:1   | Reached skill level 8 in Invocations
  9150 | Lair:1   | Noticed Urug
  9169 | Lair:1   | Killed Urug
  9202 | Lair:1   | Reached skill level 10 in Fighting
  9202 | Lair:1   | Reached skill level 10 in Maces & Flails
  9202 | Lair:1   | Reached skill level 10 in Dodging
  9635 | Lair:2   | Found a frozen archway.
  9651 | IceCv    | Entered an ice cave
 10133 | IceCv    | Noticed a white draconian
 10167 | IceCv    | Killed a white draconian
 10208 | IceCv    | Identified the ring "Gaxoes" {Ice rElec rPois}
 10295 | IceCv    | Reached skill level 9 in Stealth
 10591 | Lair:2   | Noticed a catoblepas
 10602 | Lair:2   | Noticed Harold
 10615 | Lair:2   | Killed a catoblepas
 10637 | Lair:2   | Noticed Nergalle
 10656 | Lair:2   | Killed Nergalle
 10657 | Lair:2   | Reached skill level 8 in Short Blades
 10657 | Lair:2   | Reached skill level 8 in Long Blades
 10657 | Lair:2   | Reached skill level 8 in Axes
 10657 | Lair:2   | Reached skill level 8 in Polearms
 10657 | Lair:2   | Reached skill level 8 in Staves
 10657 | Lair:2   | Reached skill level 8 in Ranged Weapons
 10657 | Lair:2   | Reached skill level 8 in Throwing
 10657 | Lair:2   | Reached skill level 8 in Armour
 10657 | Lair:2   | Reached skill level 8 in Shields
 10657 | Lair:2   | Reached skill level 8 in Unarmed Combat
 10657 | Lair:2   | Reached skill level 8 in Spellcasting
 10657 | Lair:2   | Reached skill level 8 in Evocations
 10662 | Lair:2   | Killed Harold
 11263 | Lair:2   | Reached XP level 13. HP: 22/104 MP: 19/25
 11495 | Lair:3   | Reached skill level 9 in Invocations
 11705 | Lair:3   | Found a glowing golden altar of the Shining One.
 11931 | Lair:3   | Reached skill level 7 in Conjurations
 11931 | Lair:3   | Reached skill level 7 in Hexes
 11931 | Lair:3   | Reached skill level 7 in Summonings
 11931 | Lair:3   | Reached skill level 7 in Necromancy
 11931 | Lair:3   | Reached skill level 7 in Translocations
 11931 | Lair:3   | Reached skill level 7 in Transmutations
 11931 | Lair:3   | Reached skill level 7 in Fire Magic
 11931 | Lair:3   | Reached skill level 7 in Ice Magic
 11931 | Lair:3   | Reached skill level 7 in Air Magic
 11931 | Lair:3   | Reached skill level 7 in Earth Magic
 11931 | Lair:3   | Reached skill level 7 in Poison Magic
 11993 | Lair:3   | Found a hole to the Spider Nest.
 12005 | Lair:3   | Found a staircase to the Shoals.
 12234 | Lair:3   | Found a runed translucent door.
 12235 | Lair:3   | Found a shimmering altar of Xom.
 12235 | Lair:3   | Noticed Wirisus's ghost (journeyman GnHu)
 12517 | Lair:3   | Killed Wirisus's ghost
 12926 | Lair:4   | Reached skill level 11 in Fighting
 12926 | Lair:4   | Reached skill level 11 in Maces & Flails
 12926 | Lair:4   | Reached skill level 11 in Dodging
 13052 | Lair:4   | Found a staircase to the Slime Pits.
 13794 | Lair:5   | Entered Level 5 of the Lair of Beasts
 13861 | Lair:4   | Reached skill level 9 in Short Blades
 13861 | Lair:4   | Reached skill level 9 in Long Blades
 13861 | Lair:4   | Reached skill level 9 in Axes
 13861 | Lair:4   | Reached skill level 9 in Polearms
 13861 | Lair:4   | Reached skill level 9 in Staves
 13861 | Lair:4   | Reached skill level 9 in Ranged Weapons
 13861 | Lair:4   | Reached skill level 9 in Throwing
 13861 | Lair:4   | Reached skill level 9 in Armour
 13861 | Lair:4   | Reached skill level 9 in Shields
 13861 | Lair:4   | Reached skill level 9 in Unarmed Combat
 13861 | Lair:4   | Reached skill level 9 in Spellcasting
 13861 | Lair:4   | Reached skill level 9 in Evocations
 13889 | Lair:4   | Reached skill level 10 in Stealth
 13943 | Lair:5   | Reached skill level 10 in Invocations
 13943 | Lair:5   | Reached XP level 14. HP: 50/113 MP: 21/27
 14284 | Lair:5   | Noticed Josephine
 14298 | Lair:5   | Killed Josephine
 14338 | Abyss:3  | Cast into level 3 of the Abyss (a wizard)
 14447 | Abyss:3  | Noticed a starcursed mass
 14475 | Abyss:3  | Noticed a Hell Sentinel
 14502 | Abyss:3  | Killed a Hell Sentinel
 14503 | Abyss:3  | Reached skill level 8 in Conjurations
 14503 | Abyss:3  | Reached skill level 8 in Hexes
 14503 | Abyss:3  | Reached skill level 8 in Summonings
 14503 | Abyss:3  | Reached skill level 8 in Necromancy
 14503 | Abyss:3  | Reached skill level 8 in Translocations
 14503 | Abyss:3  | Reached skill level 8 in Transmutations
 14503 | Abyss:3  | Reached skill level 8 in Fire Magic
 14503 | Abyss:3  | Reached skill level 8 in Ice Magic
 14503 | Abyss:3  | Reached skill level 8 in Air Magic
 14503 | Abyss:3  | Reached skill level 8 in Earth Magic
 14503 | Abyss:3  | Reached skill level 8 in Poison Magic
 14507 | Abyss:3  | Found a corrupted altar of Lugonu.
 14597 | Abyss:3  | Noticed a fire giant
 14600 | Abyss:3  | Found a corrupted altar of Lugonu.
 14603 | Abyss:3  | a fire giant changed into a sphinx
 14603 | Abyss:3  | Noticed a sphinx (glowing shapeshifter)
 14604 | Abyss:3  | a sphinx changed into a stone giant
 14604 | Abyss:3  | Noticed a stone giant (glowing shapeshifter)
 14605 | Abyss:3  | a stone giant changed into a fenstrider witch
 14605 | Abyss:3  | Noticed a fenstrider witch (glowing shapeshifter)
 14607 | Abyss:3  | a fenstrider witch changed into a death yak
 14611 | Abyss:3  | a four-headed hydra changed into a broodmother
 14611 | Abyss:3  | Noticed a broodmother (glowing shapeshifter)
 14612 | Abyss:3  | a broodmother changed into a great orb of eyes
 14627 | Abyss:3  | The Shining One protects you from harm!
 14641 | Abyss:3  | HP: 4/113 [ice dragon (glowing shapeshifter)/blast of cold
                  | (10)]
 14681 | Abyss:3  | Noticed a tentacled starspawn
 14700 | Abyss:3  | Killed a tentacled starspawn
 14871 | Lair:5   | Escaped the Abyss
 14939 | Lair:5   | Found a burning altar of Makhleb.
 14953 | Lair:5   | Found a gateway to Hell.
 15192 | Lair:5   | Reached skill level 10 in Short Blades
 15192 | Lair:5   | Reached skill level 10 in Long Blades
 15192 | Lair:5   | Reached skill level 10 in Axes
 15192 | Lair:5   | Reached skill level 10 in Polearms
 15192 | Lair:5   | Reached skill level 10 in Staves
 15192 | Lair:5   | Reached skill level 10 in Ranged Weapons
 15192 | Lair:5   | Reached skill level 10 in Throwing
 15192 | Lair:5   | Reached skill level 10 in Armour
 15192 | Lair:5   | Reached skill level 10 in Shields
 15192 | Lair:5   | Reached skill level 10 in Unarmed Combat
 15192 | Lair:5   | Reached skill level 10 in Spellcasting
 15192 | Lair:5   | Reached skill level 10 in Evocations
 15401 | Lair:5   | Reached XP level 15. HP: 106/120 MP: 29/29
 15700 | Orc:1    | Entered Level 1 of the Orcish Mines
 15720 | Orc:1    | Reached skill level 11 in Invocations
 15803 | Orc:1    | Reached skill level 12 in Fighting
 15803 | Orc:1    | Reached skill level 12 in Maces & Flails
 15803 | Orc:1    | Reached skill level 12 in Dodging
 15974 | Orc:1    | Found Niughon's Antique Armour Shoppe.
 16152 | Orc:2    | Entered Level 2 of the Orcish Mines
 16394 | Orc:2    | Reached skill level 11 in Stealth
 16487 | Orc:2    | Found a shimmering altar of Xom.
 16488 | Orc:2    | Found a staircase to the Elven Halls.
 16682 | Orc:2    | Found Huoceydd's Distillery.
 16719 | Orc:2    | Found Rohiman's Distillery.
 16787 | Orc:2    | Bought a potion of curing for 42 gold pieces
 16787 | Orc:2    | Bought a potion of curing for 42 gold pieces
 16787 | Orc:2    | Bought a potion of curing for 42 gold pieces
 16787 | Orc:2    | Bought a potion of heal wounds for 70 gold pieces
 16789 | Orc:2    | Bought a potion of berserk rage for 75 gold pieces
 16789 | Orc:2    | Bought a potion of heal wounds for 75 gold pieces
 16789 | Orc:2    | Bought 2 potions of heal wounds for 150 gold pieces
 16789 | Orc:2    | Bought a potion of curing for 45 gold pieces
 16789 | Orc:2    | Bought 2 potions of curing for 90 gold pieces
 16789 | Orc:2    | Bought a potion of might for 60 gold pieces
 16789 | Orc:2    | Bought a potion of might for 60 gold pieces
 16789 | Orc:2    | Bought a potion of might for 60 gold pieces
 16917 | Orc:2    | Paralysed by an orc sorcerer for 5 turns
 17056 | Orc:2    | Found Rebimmu's Jewellery Boutique.
 17056 | Orc:2    | Found Isseok's Antique Weapon Shop.
 17057 | Orc:2    | Found a one-way gate leading to the halls of Pandemonium.
 17277 | Orc:1    | Bought a glowing scarf for 224 gold pieces
 17408 | D:12     | Found a gate leading to a gauntlet.
 17440 | Gauntlet | Entered a Gauntlet
 17440 | Gauntlet | Found a transporter.
 17440 | Gauntlet | Found a transporter.
 17441 | Gauntlet | Found a transporter.
 17442 | Gauntlet | Found a transporter.
 17444 | Gauntlet | Found a transporter.
 17445 | Gauntlet | Found a transporter.
 17454 | Gauntlet | Found a transporter.
 17454 | Gauntlet | Found a transporter.
 17455 | Gauntlet | Found a transporter.
 17457 | Gauntlet | Found a transporter.
 17465 | Gauntlet | Found a transporter.
 17465 | Gauntlet | Found a transporter.
 17643 | Gauntlet | a dire elephant changed into a storm dragon
 17643 | Gauntlet | Noticed a storm dragon (glowing shapeshifter)
 17741 | Gauntlet | Noticed an emperor scorpion
 17780 | Gauntlet | Identified the amulet "Ziesaas" {RegenMP rN++ Str+2}
 18115 | D:12     | Found a portal to a secret trove of treasure.
 18683 | D:13     | Reached skill level 9 in Conjurations
 18683 | D:13     | Reached skill level 9 in Hexes
 18683 | D:13     | Reached skill level 9 in Summonings
 18683 | D:13     | Reached skill level 9 in Necromancy
 18683 | D:13     | Reached skill level 9 in Translocations
 18683 | D:13     | Reached skill level 9 in Transmutations
 18683 | D:13     | Reached skill level 9 in Fire Magic
 18683 | D:13     | Reached skill level 9 in Ice Magic
 18683 | D:13     | Reached skill level 9 in Air Magic
 18683 | D:13     | Reached skill level 9 in Earth Magic
 18683 | D:13     | Reached skill level 9 in Poison Magic
 18693 | D:13     | Found a shimmering altar of Xom.
 18694 | D:13     | Found a shimmering altar of Xom.
 18694 | D:13     | Found a shimmering altar of Xom.
 18695 | D:13     | Found a shimmering altar of Xom.
 18695 | D:13     | Found a shimmering altar of Xom.
 18696 | D:13     | Found a shimmering altar of Xom.
 18696 | D:13     | Found a shimmering altar of Xom.
 18696 | D:13     | Found a shimmering altar of Xom.
 18696 | D:13     | Found a shimmering altar of Xom.
 18808 | D:13     | Found Syuziud's Armour Shoppe.
 18811 | D:13     | Bought a +2 pair of boots of flying for 365 gold pieces
 18811 | D:13     | Bought a +0 cloak of willpower for 195 gold pieces
 18953 | D:13     | Identified a scroll of acquirement
 18954 | D:13     | Acquired the amulet of Pyromania {Faith rF+ Int+7}
 19296 | D:13     | Found Leowk's Jewellery Boutique.
 19359 | D:13     | Found Ahetirph's Antique Weapon Boutique.
 19362 | D:13     | Found Cogruum's General Store.
 19365 | D:13     | Bought a scroll of silence for 142 gold pieces
 19365 | D:13     | Bought a potion of heal wounds for 75 gold pieces
 19589 | D:14     | Reached XP level 16. HP: 102/129 MP: 30/30
 19606 | D:14     | Reached skill level 13 in Maces & Flails
 19791 | D:14     | Reached skill level 11 in Short Blades
 19791 | D:14     | Reached skill level 11 in Long Blades
 19791 | D:14     | Reached skill level 11 in Axes
 19791 | D:14     | Reached skill level 11 in Polearms
 19791 | D:14     | Reached skill level 11 in Staves
 19791 | D:14     | Reached skill level 11 in Ranged Weapons
 19791 | D:14     | Reached skill level 11 in Throwing
 19791 | D:14     | Reached skill level 11 in Armour
 19791 | D:14     | Reached skill level 11 in Shields
 19791 | D:14     | Reached skill level 11 in Unarmed Combat
 19791 | D:14     | Reached skill level 11 in Spellcasting
 19791 | D:14     | Reached skill level 11 in Evocations
 19890 | D:14     | Reached skill level 12 in Invocations
 19940 | D:14     | Found a gate to the Vaults.
 19961 | D:14     | Identified the +0 leather armour of the Harp {rCorr}
 20011 | D:14     | Identified the +6 dagger of the Singing Shrike {flame,
                  | rElec rPois rC- Int+7}
 20094 | D:14     | Noticed Louise
 20103 | D:14     | Killed Louise
 20373 | D:15     | Entered Level 15 of the Dungeon
 20877 | D:15     | Reached skill level 12 in Stealth
 20944 | D:15     | Found a staircase to the Depths.
 21049 | D:15     | Found a hide-covered altar of Uskayaw.
 21085 | D:15     | Reached skill level 13 in Fighting
 21085 | D:15     | Reached skill level 13 in Dodging
 21540 | Spider:1 | Entered Level 1 of the Spider Nest
 21871 | Spider:1 | Identified the ring of the Peculiar Lives {rPois MP+9
                  | Int+4}
 21927 | Spider:1 | Identified the +1 chain mail of Unreason {-Cast Harm Fly
                  | Dex+4}
 22029 | Spider:1 | Noticed Aizul
 22063 | Spider:1 | Killed Aizul
 22523 | Spider:1 | Noticed Mlioglotl
 22534 | Spider:1 | Killed Mlioglotl
 22549 | Spider:1 | Reached skill level 14 in Maces & Flails
 23448 | Spider:2 | Reached XP level 17. HP: 91/137 MP: 32/32
 24286 | Spider:2 | Reached skill level 10 in Conjurations
 24286 | Spider:2 | Reached skill level 10 in Hexes
 24286 | Spider:2 | Reached skill level 10 in Summonings
 24286 | Spider:2 | Reached skill level 10 in Necromancy
 24286 | Spider:2 | Reached skill level 10 in Translocations
 24286 | Spider:2 | Reached skill level 10 in Transmutations
 24286 | Spider:2 | Reached skill level 10 in Fire Magic
 24286 | Spider:2 | Reached skill level 10 in Ice Magic
 24286 | Spider:2 | Reached skill level 10 in Air Magic
 24286 | Spider:2 | Reached skill level 10 in Earth Magic
 24286 | Spider:2 | Reached skill level 10 in Poison Magic
 25219 | Spider:3 | Reached skill level 13 in Invocations
 25226 | Spider:3 | Reached skill level 12 in Short Blades
 25226 | Spider:3 | Reached skill level 12 in Long Blades
 25226 | Spider:3 | Reached skill level 12 in Axes
 25226 | Spider:3 | Reached skill level 12 in Polearms
 25226 | Spider:3 | Reached skill level 12 in Staves
 25226 | Spider:3 | Reached skill level 12 in Ranged Weapons
 25226 | Spider:3 | Reached skill level 12 in Throwing
 25226 | Spider:3 | Reached skill level 12 in Armour
 25226 | Spider:3 | Reached skill level 12 in Shields
 25226 | Spider:3 | Reached skill level 12 in Unarmed Combat
 25226 | Spider:3 | Reached skill level 12 in Spellcasting
 25226 | Spider:3 | Reached skill level 12 in Evocations
 25940 | Spider:4 | Entered Level 4 of the Spider Nest
 25953 | Spider:4 | Noticed Arachne
 25992 | Spider:4 | Killed Arachne
 26877 | Spider:4 | Reached skill level 15 in Maces & Flails
 27165 | Spider:4 | Reached skill level 13 in Stealth
 27508 | Spider:3 | HP: 3/138 [emperor scorpion simulacrum (11)]
 28356 | Spider:4 | Reached skill level 14 in Fighting
 28356 | Spider:4 | Reached skill level 14 in Dodging
 28356 | Spider:4 | Reached XP level 18. HP: 116/146 MP: 1/34
 28398 | Spider:4 | HP: 7/146 [poisoned by an emperor scorpion]
 28612 | Spider:4 | Got a gossamer rune of Zot
 28924 | Shoals:1 | Entered Level 1 of the Shoals
 28940 | Lair:3   | p0werm0de: https://youtu.be/SWiUqDM3dGI?t=4394
 30531 | Shoals:2 | Found a runed translucent door.
 30538 | Shoals:2 | Found a corrupted altar of Lugonu.
 30538 | Shoals:2 | Found a one-way gate to the infinite horrors of the Abyss.
 30584 | Shoals:2 | Learned a level 2 spell: Passwall
 30741 | Shoals:2 | Got Sif Muna's Writings on Ensorcelling and Conjuration
 31301 | Shoals:2 | Reached skill level 16 in Maces & Flails
 31355 | Shoals:3 | Reached skill level 14 in Invocations
 31415 | Shoals:3 | Acquired 983 gold pieces
 32065 | Shoals:4 | Entered Level 4 of the Shoals
 32085 | Shoals:4 | Reached skill level 11 in Conjurations
 32085 | Shoals:4 | Reached skill level 11 in Hexes
 32085 | Shoals:4 | Reached skill level 11 in Summonings
 32085 | Shoals:4 | Reached skill level 11 in Necromancy
 32085 | Shoals:4 | Reached skill level 11 in Translocations
 32085 | Shoals:4 | Reached skill level 11 in Transmutations
 32085 | Shoals:4 | Reached skill level 11 in Fire Magic
 32085 | Shoals:4 | Reached skill level 11 in Ice Magic
 32085 | Shoals:4 | Reached skill level 11 in Air Magic
 32085 | Shoals:4 | Reached skill level 11 in Earth Magic
 32085 | Shoals:4 | Reached skill level 11 in Poison Magic
 32377 | Shoals:4 | Reached skill level 13 in Short Blades
 32377 | Shoals:4 | Reached skill level 13 in Long Blades
 32377 | Shoals:4 | Reached skill level 13 in Axes
 32377 | Shoals:4 | Reached skill level 13 in Polearms
 32377 | Shoals:4 | Reached skill level 13 in Staves
 32377 | Shoals:4 | Reached skill level 13 in Ranged Weapons
 32377 | Shoals:4 | Reached skill level 13 in Throwing
 32377 | Shoals:4 | Reached skill level 13 in Armour
 32377 | Shoals:4 | Reached skill level 13 in Shields
 32377 | Shoals:4 | Reached skill level 13 in Unarmed Combat
 32377 | Shoals:4 | Reached skill level 13 in Spellcasting
 32377 | Shoals:4 | Reached skill level 13 in Evocations
 33349 | Shoals:4 | Got Folemipe's Teachings on Necrotic Fire
 33448 | Shoals:4 | Learned a level 4 spell: Cause Fear
 34191 | Shoals:4 | Reached XP level 19. HP: 51/153 MP: 36/36
 34251 | Shoals:4 | Got a barnacled rune of Zot
 34524 | Elf:1    | Entered Level 1 of the Elven Halls
 34804 | Elf:1    | Paralysed by an air elemental for 1 turns
 34808 | Elf:1    | Paralysed by an air elemental for 1 turns
 35219 | Elf:1    | Got the Anthology of Attacks
 35248 | Elf:1    | Paralysed by an air elemental for 1 turns
 35435 | Elf:2    | Found a transporter.
 35466 | Elf:2    | Reached skill level 14 in Stealth
 35608 | Elf:2    | Found a transporter.
 35982 | Elf:2    | Found a runed translucent gate.
 35983 | Elf:2    | Found a runed translucent gate.
 35983 | Elf:2    | Found a runed translucent gate.
 36006 | Elf:2    | Found a transporter.
 36008 | Elf:2    | Found a transporter.
 36238 | Elf:2    | Found a transporter.
 36239 | Elf:2    | Found a transporter.
 36484 | Elf:2    | Reached skill level 17 in Maces & Flails
 36629 | Elf:2    | Reached skill level 15 in Fighting
 36629 | Elf:2    | Reached skill level 15 in Dodging
 37378 | Elf:3    | Entered Level 3 of the Elven Halls
 38072 | Elf:3    | Found a runed translucent door.
 38072 | Elf:3    | Noticed gabibbone's ghost (adept TeBr)
 38156 | Elf:3    | Killed gabibbone's ghost
 38267 | Elf:3    | Reached skill level 15 in Invocations
 38853 | Elf:3    | Identified the +1 leather armour "Vet Gaeq" {*Slow rPois
                  | rC+ Dex+4}
 38853 | Elf:3    | Identified the ring of Foywige {rF- AC+4 Str-3 Int+8 Dex+8}
 38865 | Elf:3    | Reached XP level 20. HP: 114/162 MP: 37/37
 39101 | Elf:3    | Identified the ring "Hyudesed" {rN+ Str+3}
 39107 | Elf:3    | Identified the ring "Zeufudonn" {Drain rPois rCorr Int+2
                  | Dex+2}
 39351 | Elf:3    | Reached skill level 14 in Short Blades
 39351 | Elf:3    | Reached skill level 14 in Long Blades
 39351 | Elf:3    | Reached skill level 14 in Axes
 39351 | Elf:3    | Reached skill level 14 in Polearms
 39351 | Elf:3    | Reached skill level 14 in Staves
 39351 | Elf:3    | Reached skill level 14 in Ranged Weapons
 39351 | Elf:3    | Reached skill level 14 in Throwing
 39351 | Elf:3    | Reached skill level 14 in Armour
 39351 | Elf:3    | Reached skill level 14 in Shields
 39351 | Elf:3    | Reached skill level 14 in Unarmed Combat
 39351 | Elf:3    | Reached skill level 14 in Spellcasting
 39351 | Elf:3    | Reached skill level 14 in Evocations
 39732 | Elf:3    | Reached skill level 12 in Conjurations
 39732 | Elf:3    | Reached skill level 12 in Hexes
 39732 | Elf:3    | Reached skill level 12 in Summonings
 39732 | Elf:3    | Reached skill level 12 in Necromancy
 39732 | Elf:3    | Reached skill level 12 in Translocations
 39732 | Elf:3    | Reached skill level 12 in Transmutations
 39732 | Elf:3    | Reached skill level 12 in Fire Magic
 39732 | Elf:3    | Reached skill level 12 in Ice Magic
 39732 | Elf:3    | Reached skill level 12 in Air Magic
 39732 | Elf:3    | Reached skill level 12 in Earth Magic
 39732 | Elf:3    | Reached skill level 12 in Poison Magic
 40091 | Elf:3    | Identified the +6 short sword "Mibuenta" {vorpal, rC+
                  | Int+4}
 40179 | Elf:3    | Identified the +5 shadow dragon scales of Masochism {Contam
                  | rN+ rCorr Stlth++++}
 40523 | Vaults:1 | Entered Level 1 of the Vaults
 40642 | Vaults:1 | Reached skill level 18 in Maces & Flails
 40747 | Vaults:1 | Found a crumbling gateway.
 40766 | Desolati | Entered the Desolation of Salt
 41142 | Desolati | Identified the +5 shortbow "Ceff" {antimagic, Fly rN+++
                  | Will+ Dex-5}
 41216 | Desolati | Reached skill level 15 in Stealth
 41654 | Desolati | Identified the amulet of the Dropbear {Spirit rN+++ Str+5
                  | Dex-4}
 41664 | Desolati | Identified the +7 falchion of the Priest {venom, Stlth+}
 41665 | Desolati | Identified the ring "Demmoc" {Wiz rN+}
 41722 | Desolati | Identified the +3 tower shield of Cuehiq {rElec Dex+3}
 41744 | Desolati | Identified the amulet of Neff {Acrobat rN+ Will++ Str+2}
 41757 | Desolati | Got the Volume of Blight and Evil
 42345 | D:12     | You paid a toll of +2 storm dragon scales to enter a
                  | treasure trove
 42346 | Trove    | Entered a treasure trove
 42646 | Depths:1 | Entered Level 1 of the Depths
 42696 | Depths:1 | Reached XP level 21. HP: 160/170 MP: 39/39
 42929 | Depths:1 | Found a one-way gateway to a ziggurat.
 42962 | Depths:1 | Found a magical portal.
 42986 | WizLab   | Entered Wucad Mu's Monastery
 43260 | WizLab   | Found the +9 staff of Wucad Mu {*channel}
 43522 | WizLab   | Reached skill level 16 in Fighting
 43522 | WizLab   | Reached skill level 16 in Dodging
 43522 | WizLab   | Reached skill level 16 in Invocations
 43522 | WizLab   | Reached skill level 15 in Evocations
 43522 | WizLab   | Reached XP level 22. HP: 178/178 MP: 40/40
 43685 | Depths:1 | Found a runed translucent gate.
 43685 | Depths:1 | Found a runed translucent gate.
 43685 | Depths:1 | Found a runed translucent gate.
 43685 | Depths:1 | Found a runed translucent gate.
 43685 | Depths:1 | Found a runed translucent gate.
 43685 | Depths:1 | Found a runed translucent gate.
 43685 | Depths:1 | Found the +2 Maxwell's thermic engine {flame, freeze}
 43707 | Depths:1 | Reached skill level 19 in Maces & Flails
 43719 | Depths:1 | Reached skill level 15 in Spellcasting
 44597 | Vaults:1 | Reached skill level 15 in Short Blades
 44597 | Vaults:1 | Reached skill level 15 in Long Blades
 44597 | Vaults:1 | Reached skill level 15 in Axes
 44597 | Vaults:1 | Reached skill level 15 in Polearms
 44597 | Vaults:1 | Reached skill level 15 in Staves
 44597 | Vaults:1 | Reached skill level 15 in Ranged Weapons
 44597 | Vaults:1 | Reached skill level 15 in Throwing
 44597 | Vaults:1 | Reached skill level 15 in Armour
 44597 | Vaults:1 | Reached skill level 15 in Shields
 44597 | Vaults:1 | Reached skill level 15 in Unarmed Combat
 44771 | Vaults:1 | Noticed Zenata
 44795 | Vaults:1 | HP: 3/178 [Zenata/a resonance strike (40)]
 45267 | Vaults:1 | Noticed Asterion
 45291 | Vaults:1 | Killed Asterion
 45625 | Vaults:1 | Killed Zenata
 45627 | Vaults:1 | HP: 6/178 [ironbound thunderhulk/bolt of lightning (49)]
 45628 | Vaults:1 | Upgraded the game from 0.30-a0-305-g026cb31310 to
                  | 0.30-a0-310-g7d6cbdfea6
 47184 | Vaults:2 | Reached skill level 13 in Conjurations
 47184 | Vaults:2 | Reached skill level 13 in Hexes
 47184 | Vaults:2 | Reached skill level 13 in Summonings
 47184 | Vaults:2 | Reached skill level 13 in Necromancy
 47184 | Vaults:2 | Reached skill level 13 in Translocations
 47184 | Vaults:2 | Reached skill level 13 in Transmutations
 47184 | Vaults:2 | Reached skill level 13 in Fire Magic
 47184 | Vaults:2 | Reached skill level 13 in Ice Magic
 47184 | Vaults:2 | Reached skill level 13 in Air Magic
 47184 | Vaults:2 | Reached skill level 13 in Earth Magic
 47184 | Vaults:2 | Reached skill level 13 in Poison Magic
 47359 | Vaults:2 | Reached skill level 16 in Evocations
 47419 | Vaults:2 | Noticed Mennas
 47444 | Vaults:2 | Killed Mennas
 47483 | Vaults:2 | Identified the +4 arbalest of Nuocotze {drain, rElec rN+}
 48066 | Vaults:2 | Reached skill level 16 in Spellcasting
 48066 | Vaults:2 | Reached XP level 23. HP: 186/186 MP: 41/43
 48211 | Vaults:2 | Reached skill level 16 in Stealth
 48312 | Vaults:2 | Identified the +9 arbalest of Moderation {freeze, rN+
                  | Str+6}
 48598 | Vaults:2 | Found a runed translucent gate.
 48598 | Vaults:2 | Found a runed translucent gate.
 48598 | Vaults:2 | Found a runed translucent gate.
 48599 | Vaults:2 | Noticed Dyrphilu's ghost (adept GnMo)
 48629 | Vaults:2 | Found a staircase to the Crypt.
 48729 | Vaults:2 | Killed Dyrphilu's ghost
 48730 | Vaults:2 | Reached skill level 20 in Maces & Flails
 48740 | Vaults:2 | Identified the +7 short sword "Joiwkuuri" {speed, Contam
                  | rPois rC+ Int+9}
 48747 | Vaults:2 | Acquired 464 gold pieces
 48974 | Vaults:2 | Reached skill level 17 in Invocations
 49813 | Vaults:3 | Reached skill level 17 in Fighting
 49813 | Vaults:3 | Reached skill level 17 in Dodging
 49890 | Vaults:3 | Reached skill level 17 in Evocations
 50566 | Vaults:4 | Reached skill level 17 in Spellcasting
 50681 | Vaults:4 | Acquired Great Wizards, Vol. VII
 50687 | Vaults:4 | Learned a level 3 spell: Tukima's Dance
 50693 | Vaults:4 | Learned a level 5 spell: Yara's Violent Unravelling
 50792 | Vaults:4 | Reached skill level 16 in Short Blades
 50792 | Vaults:4 | Reached skill level 16 in Long Blades
 50792 | Vaults:4 | Reached skill level 16 in Axes
 50792 | Vaults:4 | Reached skill level 16 in Polearms
 50792 | Vaults:4 | Reached skill level 16 in Staves
 50792 | Vaults:4 | Reached skill level 16 in Ranged Weapons
 50792 | Vaults:4 | Reached skill level 16 in Throwing
 50792 | Vaults:4 | Reached skill level 16 in Armour
 50792 | Vaults:4 | Reached skill level 16 in Shields
 50792 | Vaults:4 | Reached skill level 16 in Unarmed Combat
 51592 | Vaults:4 | Reached XP level 24. HP: 184/195 MP: 44/44
 52235 | D:9      | Noticed Supernova1's ghost (novice MiBe)
 52264 | D:9      | Killed Supernova1's ghost
 52566 | Depths:1 | You are sucked into a shaft and drop 1 floor!
 52583 | Depths:1 | Paralysed by a sphinx for 5 turns
 53334 | Depths:1 | Reached skill level 21 in Maces & Flails
 54052 | Depths:2 | Reached skill level 18 in Evocations
 54061 | Depths:2 | Noticed Vv
 54083 | Depths:2 | Killed Vv
 54587 | Depths:2 | Reached skill level 14 in Conjurations
 54587 | Depths:2 | Reached skill level 14 in Hexes
 54587 | Depths:2 | Reached skill level 14 in Summonings
 54587 | Depths:2 | Reached skill level 14 in Necromancy
 54587 | Depths:2 | Reached skill level 14 in Translocations
 54587 | Depths:2 | Reached skill level 14 in Transmutations
 54587 | Depths:2 | Reached skill level 14 in Fire Magic
 54587 | Depths:2 | Reached skill level 14 in Ice Magic
 54587 | Depths:2 | Reached skill level 14 in Air Magic
 54587 | Depths:2 | Reached skill level 14 in Earth Magic
 54587 | Depths:2 | Reached skill level 14 in Poison Magic
 54966 | Depths:2 | Reached skill level 18 in Spellcasting
 54975 | Depths:2 | Reached skill level 17 in Stealth
 55042 | Depths:2 | Noticed Bai Suzhen
 55062 | Depths:2 | Killed Bai Suzhen
 55480 | Depths:2 | Noticed an ancient lich
 55505 | Depths:2 | Killed an ancient lich
 55506 | Depths:2 | Reached skill level 18 in Invocations
 55584 | Depths:2 | Found the +6 Majin-Bo {vamp, MP+6 Int+6}
 55591 | Depths:2 | Learned a level 3 spell: Lesser Beckoning
 55595 | Depths:2 | Learned a level 3 spell: Portal Projectile
 55600 | Depths:2 | Learned a level 4 spell: Passage of Golubria
 55605 | Depths:2 | Learned a level 4 spell: Manifold Assault
 55889 | Depths:3 | Found Biotuumi's Assorted Antiques.
 55891 | Depths:3 | Found Soonan's Distillery.
 55893 | Depths:3 | Found Ryme's Jewellery Shoppe.
 55897 | Depths:3 | Bought a potion of heal wounds for 205 gold pieces
 55897 | Depths:3 | Bought a scroll of blinking for 307 gold pieces
 55899 | Depths:3 | Bought a potion of curing for 60 gold pieces
 55899 | Depths:3 | Bought a potion of curing for 60 gold pieces
 55899 | Depths:3 | Bought a potion of haste for 200 gold pieces
 55899 | Depths:3 | Bought a potion of haste for 200 gold pieces
 56034 | Depths:3 | Found the +3 hat of Pondering {ponderous, Will+ MP+10
                  | Int+5}
 56302 | Depths:3 | Reached XP level 25. HP: 201/203 MP: 45/45
 56721 | Depths:4 | Entered Level 4 of the Depths
 57039 | Depths:4 | Reached skill level 18 in Fighting
 57039 | Depths:4 | Reached skill level 18 in Dodging
 57070 | Depths:4 | Found a gate to the Realm of Zot.
 57230 | Depths:4 | Reached skill level 19 in Evocations
 57276 | Depths:4 | Reached skill level 17 in Short Blades
 57276 | Depths:4 | Reached skill level 17 in Long Blades
 57276 | Depths:4 | Reached skill level 17 in Axes
 57276 | Depths:4 | Reached skill level 17 in Polearms
 57276 | Depths:4 | Reached skill level 17 in Staves
 57276 | Depths:4 | Reached skill level 17 in Ranged Weapons
 57276 | Depths:4 | Reached skill level 17 in Throwing
 57276 | Depths:4 | Reached skill level 17 in Armour
 57276 | Depths:4 | Reached skill level 17 in Shields
 57276 | Depths:4 | Reached skill level 17 in Unarmed Combat
 57285 | Depths:4 | Reached skill level 22 in Maces & Flails
 57451 | Depths:4 | Reached skill level 19 in Spellcasting
 57629 | Depths:4 | Found a shadowy altar of Dithmenos.
 57629 | Depths:4 | Noticed a juggernaut
 57639 | Depths:4 | Killed a juggernaut
 58513 | Crypt:1  | Entered Level 1 of the Crypt
 59038 | Crypt:1  | Noticed Frederick
 59054 | Crypt:1  | Killed Frederick
 59906 | Crypt:2  | Found a basalt altar of Yredelemnul.
 60793 | Crypt:3  | Entered Level 3 of the Crypt
 60863 | Crypt:3  | Reached XP level 26. HP: 213/213 MP: 46/46
 60909 | Crypt:3  | Reached skill level 18 in Stealth
 60909 | Crypt:3  | Reached skill level 19 in Invocations
 61034 | Crypt:3  | Reached skill level 20 in Evocations
 61152 | Crypt:3  | Reached skill level 15 in Conjurations
 61152 | Crypt:3  | Reached skill level 15 in Hexes
 61152 | Crypt:3  | Reached skill level 15 in Summonings
 61152 | Crypt:3  | Reached skill level 15 in Necromancy
 61152 | Crypt:3  | Reached skill level 15 in Translocations
 61152 | Crypt:3  | Reached skill level 15 in Transmutations
 61152 | Crypt:3  | Reached skill level 15 in Fire Magic
 61152 | Crypt:3  | Reached skill level 15 in Ice Magic
 61152 | Crypt:3  | Reached skill level 15 in Air Magic
 61152 | Crypt:3  | Reached skill level 15 in Earth Magic
 61152 | Crypt:3  | Reached skill level 15 in Poison Magic
 61186 | Crypt:3  | Found an ancient bone altar of Kikubaaqudgha.
 61395 | Crypt:3  | Reached skill level 20 in Spellcasting
 61504 | Crypt:3  | Reached skill level 23 in Maces & Flails
 61740 | Crypt:3  | Identified the +9 long sword "Vaesulul" {vamp, rCorr}
 61778 | Crypt:3  | Noticed Jory
 61791 | Crypt:3  | Killed Jory
 61799 | Crypt:3  | Found a staircase to the Tomb.
 61807 | Crypt:3  | Found the +8 lance "Wyrmbane" {slay drac, rPois rF+ rC+
                  | AC+3}
 62426 | Slime:1  | Entered Level 1 of the Pits of Slime
 62609 | Slime:3  | Gained mutation: You sometimes lose your temper in combat.
                  | [a shining eye]
 62985 | Slime:5  | Entered Level 5 of the Pits of Slime
 63353 | Slime:5  | Found a viscous altar of Jiyva.
 63354 | Slime:5  | Noticed the Royal Jelly
 63354 | Slime:5  | Found the +6 arbalest "Damnation" {damnation}
 63396 | Slime:5  | Reached skill level 18 in Short Blades
 63396 | Slime:5  | Reached skill level 18 in Long Blades
 63396 | Slime:5  | Reached skill level 18 in Axes
 63396 | Slime:5  | Reached skill level 18 in Polearms
 63396 | Slime:5  | Reached skill level 18 in Staves
 63396 | Slime:5  | Reached skill level 18 in Ranged Weapons
 63396 | Slime:5  | Reached skill level 18 in Throwing
 63396 | Slime:5  | Reached skill level 18 in Armour
 63396 | Slime:5  | Reached skill level 18 in Shields
 63396 | Slime:5  | Reached skill level 18 in Unarmed Combat
 63402 | Slime:5  | Killed the Royal Jelly
 63403 | Slime:5  | Reached skill level 19 in Fighting
 63403 | Slime:5  | Reached skill level 19 in Dodging
 63469 | Slime:5  | Identified the +2 helmet of Baiminoa {rC+ Dex+3 Slay+3}
 63519 | Slime:5  | Got a slimy rune of Zot
 63531 | Slime:5  | Got the Spellbook of United Death
 63536 | Slime:5  | Identified the ring "Vutre" {+Blink rF- rC+ Str+3 Int+3
                  | SInv}
 63918 | Lair:1   | Lost mutation: You sometimes lose your temper in combat.
                  | [potion of mutation]
 63918 | Lair:1   | Gained mutation: You sometimes lose your temper in combat.
                  | [potion of mutation]
 63918 | Lair:1   | Gained mutation: You passively dampen the noise of your
                  | surroundings. [potion of mutation]
 63918 | Lair:1   | Gained mutation: Your skin changes colour to match your
                  | surroundings (Stealth+). [potion of mutation]
 63918 | Lair:1   | Gained mutation: You passively map a small area around you.
                  | [potion of mutation]
 63919 | Lair:1   | Lost mutation: You passively dampen the noise of your
                  | surroundings. [potion of mutation]
 63919 | Lair:1   | Lost mutation: Your skin changes colour to match your
                  | surroundings (Stealth+). [potion of mutation]
 63919 | Lair:1   | Lost mutation: You sometimes lose your temper in combat.
                  | [potion of mutation]
 63919 | Lair:1   | Gained mutation: Your spells are a little harder to cast,
                  | but a little more powerful. [potion of mutation]
 63919 | Lair:1   | Gained mutation: You are weak. (Str -2) [potion of
                  | mutation]
 63919 | Lair:1   | Gained mutation: You have sharp toenails. [potion of
                  | mutation]
 64193 | Zot:1    | Entered Level 1 of the Realm of Zot
 65471 | Zot:1    | Reached skill level 21 in Evocations
 66067 | Zot:2    | Reached XP level 27. HP: 161/222 MP: 21/47
 66232 | Zot:2    | Reached skill level 21 in Spellcasting
 67156 | Zot:2    | Found the +4 dragonskin cloak
 67156 | Zot:2    | Noticed Tiamat
 67206 | Zot:2    | Killed Tiamat
 67606 | Zot:2    | Reached skill level 24 in Maces & Flails
 68067 | Zot:3    | Reached skill level 20 in Invocations
 68549 | Zot:3    | Noticed an orb of fire
 68857 | Zot:4    | Reached skill level 19 in Stealth
 68876 | Zot:4    | Found a transporter.
 68883 | Zot:4    | Found a transporter.
 68885 | Zot:4    | Found a transporter.
 68960 | Zot:4    | Found a transporter.
 69409 | Zot:4    | Reached skill level 16 in Conjurations
 69409 | Zot:4    | Reached skill level 16 in Hexes
 69409 | Zot:4    | Reached skill level 16 in Summonings
 69409 | Zot:4    | Reached skill level 16 in Necromancy
 69409 | Zot:4    | Reached skill level 16 in Translocations
 69409 | Zot:4    | Reached skill level 16 in Transmutations
 69409 | Zot:4    | Reached skill level 16 in Fire Magic
 69409 | Zot:4    | Reached skill level 16 in Ice Magic
 69409 | Zot:4    | Reached skill level 16 in Air Magic
 69409 | Zot:4    | Reached skill level 16 in Earth Magic
 69409 | Zot:4    | Reached skill level 16 in Poison Magic
 69560 | Zot:4    | Reached skill level 22 in Evocations
 70336 | Zot:4    | Reached skill level 22 in Spellcasting
 70338 | Zot:4    | Found a shimmering altar of Xom.
 70338 | Zot:4    | Found a shimmering altar of Xom.
 70338 | Zot:4    | Found a glowing silver altar of Zin.
 70338 | Zot:4    | Found a shimmering altar of Xom.
 70532 | Zot:4    | Found a shimmering altar of Xom.
 71424 | Vaults:1 | Identified a +4 eveningstar of holy wrath (a +2 eveningstar
                  | blessed by the Shining One)
 71424 | Vaults:1 | Received a gift from the Shining One
 72435 | Vaults:5 | Entered Level 5 of the Vaults
 72684 | Vaults:4 | Reached skill level 19 in Short Blades
 72684 | Vaults:4 | Reached skill level 19 in Long Blades
 72684 | Vaults:4 | Reached skill level 19 in Axes
 72684 | Vaults:4 | Reached skill level 19 in Polearms
 72684 | Vaults:4 | Reached skill level 19 in Staves
 72684 | Vaults:4 | Reached skill level 19 in Ranged Weapons
 72684 | Vaults:4 | Reached skill level 19 in Throwing
 72684 | Vaults:4 | Reached skill level 19 in Armour
 72684 | Vaults:4 | Reached skill level 19 in Shields
 72684 | Vaults:4 | Reached skill level 19 in Unarmed Combat
 72980 | Vaults:5 | Noticed a dread lich
 73188 | Vaults:4 | Killed a dread lich
 73206 | Vaults:5 | Reached skill level 20 in Fighting
 73206 | Vaults:5 | Reached skill level 20 in Dodging
 73215 | Vaults:5 | Identified the ring of Ashenzari's Envy {*Slow rF+ rCorr
                  | Str+6}
 73217 | Vaults:5 | Noticed Saint Roka
 73310 | Vaults:5 | Identified the amulet "Loylipaqush" {Spirit rN+}
 73334 | Vaults:5 | Reached skill level 25 in Maces & Flails
 74333 | Vaults:4 | Killed Saint Roka
 74832 | Vaults:5 | Identified the +0 pair of boots "Iduav" {Fly rC+ Int+4}
 74974 | Vaults:5 | Identified the ring of Cigohen {rC+ rN+ Str+4 Int+3 Stlth-}
 75148 | Vaults:5 | Identified the ring of Lies {rN+ AC+4 Int+4}
 75197 | Vaults:5 | Got a silver rune of Zot
 75355 | Vaults:5 | Reached skill level 21 in Invocations
 75355 | Vaults:5 | Reached skill level 23 in Evocations
 76196 | Depths:3 | Voluntarily entered the Abyss.
 76465 | Abyss:3  | Reached skill level 23 in Spellcasting
 76539 | Abyss:3  | Got an abyssal rune of Zot
 76559 | Depths:3 | Escaped the Abyss
 76616 | Pan      | Entered Pandemonium
 76729 | Pan      | Reached skill level 20 in Stealth
 76811 | Pan      | Entered the realm of Mnoleg.
 76847 | Pan      | Noticed Mnoleg
 76853 | Pan      | Paralysed by a floating eye for 4 turns
 76861 | Pan      | Killed Mnoleg
 76869 | Pan      | Gained mutation: You occasionally lose the ability to drink
                  | potions when taking damage. [a cacodemon]
 76891 | Pan      | Gained mutation: You are frail. (-10% HP) [a neqoxec]
 76893 | Pan      | Gained mutation: Armour fits poorly on your strangely
                  | shaped body. [a neqoxec]
 76901 | Pan      | Gained mutation: You occasionally lose the ability to read
                  | scrolls when taking damage. [a cacodemon]
 76902 | Pan      | Gained mutation: You sometimes lose your temper in combat.
                  | [a cacodemon]
 76962 | Pan      | Gained mutation: You are dopey. (Int -2) [a neqoxec]
 76993 | Pan      | Gained mutation: Your magical capacity is low. (-10% MP) [a
                  | neqoxec]
 77110 | Pan      | Got a glowing rune of Zot
 77274 | Pan      | Lost mutation: You passively map a small area around you.
                  | [potion of mutation]
 77274 | Pan      | Lost mutation: You are weak. (Str -2) [potion of mutation]
 77274 | Pan      | Gained mutation: You passively map a small area around you.
                  | [potion of mutation]
 77274 | Pan      | Gained mutation: You have an uncontrollable temper. [potion
                  | of mutation]
 77274 | Pan      | Gained mutation: You are strong-willed. (Will+) [potion of
                  | mutation]
 77274 | Pan      | Gained mutation: You are agile. (Dex +4, Str/Int -1)
                  | [potion of mutation]
 77333 | Pan      | Found a huge runed translucent gate.
 77424 | Pan      | Acquired the +0 staff of Battle
 77424 | Pan      | Found the +0 staff of Battle
 77512 | Pan      | Reached skill level 17 in Conjurations
 77512 | Pan      | Reached skill level 17 in Hexes
 77512 | Pan      | Reached skill level 17 in Summonings
 77512 | Pan      | Reached skill level 17 in Necromancy
 77512 | Pan      | Reached skill level 17 in Translocations
 77512 | Pan      | Reached skill level 17 in Transmutations
 77512 | Pan      | Reached skill level 17 in Fire Magic
 77512 | Pan      | Reached skill level 17 in Ice Magic
 77512 | Pan      | Reached skill level 17 in Air Magic
 77512 | Pan      | Reached skill level 17 in Earth Magic
 77512 | Pan      | Reached skill level 17 in Poison Magic
 77519 | Pan      | Reached skill level 26 in Maces & Flails
 77568 | Pan      | Found a huge runed translucent gate.
 77569 | Pan      | Found a huge runed translucent gate.
 77569 | Pan      | Found a huge runed translucent gate.
 77569 | Pan      | Found a huge runed translucent gate.
 77569 | Pan      | Found a huge runed translucent gate.
 77570 | Pan      | Found a huge runed translucent gate.
 77577 | Pan      | Noticed Irghaigo the pandemonium lord
 77613 | Pan      | Killed Irghaigo the pandemonium lord
 77803 | Pan      | Found an exit through the horrors of the Abyss.
 77809 | Pan      | Took an exit into the Abyss.
 77809 | Abyss:3  | Escaped into the Abyss
 77823 | Depths:2 | Escaped the Abyss
 77891 | Depths:3 | Bought a potion of mutation for 160 gold pieces
 77891 | Depths:3 | Lost mutation: Your spells are a little harder to cast, but
                  | a little more powerful. [potion of mutation]
 77891 | Depths:3 | Lost mutation: You are strong-willed. (Will+) [potion of
                  | mutation]
 77891 | Depths:3 | Lost mutation: Armour fits poorly on your strangely shaped
                  | body. [potion of mutation]
 77891 | Depths:3 | Gained mutation: You are very frail. (-20% HP) [potion of
                  | mutation]
 77891 | Depths:3 | Gained mutation: Your muscles are strong. (Str +4, Int/Dex
                  | -1) [potion of mutation]
 78113 | D:13     | Bought a potion of mutation for 120 gold pieces
 78113 | D:13     | Lost mutation: You passively map a small area around you.
                  | [potion of mutation]
 78113 | D:13     | Lost mutation: Your muscles are strong. (Str +4, Int/Dex
                  | -1) [potion of mutation]
 78113 | D:13     | Gained mutation: You are partially covered in iridescent
                  | scales. (AC +2) [potion of mutation]
 78249 | Orc:2    | Bought a potion of mutation for 120 gold pieces
 78249 | Orc:2    | Bought 2 potions of haste for 300 gold pieces
 78251 | Orc:2    | Bought a potion of haste for 140 gold pieces
 78251 | Orc:2    | Bought a potion of haste for 140 gold pieces
 78251 | Orc:2    | Bought a potion of haste for 140 gold pieces
 78251 | Orc:2    | Bought a potion of ambrosia for 112 gold pieces
 78251 | Orc:2    | Lost mutation: You are agile. (Dex +4, Str/Int -1) [potion
                  | of mutation]
 78251 | Orc:2    | Lost mutation: You have an uncontrollable temper. [potion
                  | of mutation]
 78251 | Orc:2    | Lost mutation: You sometimes lose your temper in combat.
                  | [potion of mutation]
 78360 | Lair:1   | Lost mutation: Your magical capacity is low. (-10% MP)
                  | [potion of mutation]
 78360 | Lair:1   | Lost mutation: You are dopey. (Int -2) [potion of mutation]
 78360 | Lair:1   | Gained mutation: You sometimes lose the ability to drink
                  | potions when taking damage. [potion of mutation]
 78360 | Lair:1   | Lost mutation: You have sharp toenails. [potion of
                  | mutation]
 78361 | Lair:1   | Lost mutation: You are partially covered in iridescent
                  | scales. (AC +2) [potion of mutation]
 78361 | Lair:1   | Lost mutation: You occasionally lose the ability to read
                  | scrolls when taking damage. [potion of mutation]
 78361 | Lair:1   | Lost mutation: You are very frail. (-20% HP) [potion of
                  | mutation]
 78361 | Lair:1   | Gained mutation: You are weak. (Str -2) [potion of
                  | mutation]
 78361 | Lair:1   | Gained mutation: You have a somewhat thin skeletal
                  | structure. (Dex +2, Stealth+) [potion of mutation]
 78362 | Lair:1   | Lost mutation: You are weak. (Str -2) [potion of mutation]
 78362 | Lair:1   | Lost mutation: You are frail. (-10% HP) [potion of
                  | mutation]
 78362 | Lair:1   | Lost mutation: You have a somewhat thin skeletal structure.
                  | (Dex +2, Stealth+) [potion of mutation]
 78362 | Lair:1   | Gained mutation: You expend magic power (3 MP) to
                  | strengthen your wands. [potion of mutation]
 78494 | Pan      | Entered Pandemonium
 78551 | Pan      | Reached skill level 20 in Short Blades
 78551 | Pan      | Reached skill level 20 in Long Blades
 78551 | Pan      | Reached skill level 20 in Axes
 78551 | Pan      | Reached skill level 20 in Polearms
 78551 | Pan      | Reached skill level 20 in Staves
 78551 | Pan      | Reached skill level 20 in Ranged Weapons
 78551 | Pan      | Reached skill level 20 in Throwing
 78551 | Pan      | Reached skill level 20 in Armour
 78551 | Pan      | Reached skill level 20 in Shields
 78551 | Pan      | Reached skill level 20 in Unarmed Combat
 78736 | Pan      | Found an exit through the horrors of the Abyss.
 78739 | Pan      | Found a transporter.
 78749 | Pan      | Identified the +1 pair of boots of the Shining Light {Drain
                  | Will+ Int+4}
 78845 | Pan      | Found a transporter.
 78849 | Pan      | Identified the amulet "Geqoeg" {Acrobat Will+}
 78854 | Pan      | Identified the ring "Wejuzaishri" {+Blink rPois Will+ Int-4
                  | Dex+6}
 78903 | Pan      | Entered the realm of Gloorx Vloq.
 78931 | Pan      | Reached skill level 24 in Evocations
 79507 | Pan      | Reached skill level 21 in Fighting
 79507 | Pan      | Reached skill level 21 in Dodging
 79541 | Pan      | Reached skill level 24 in Spellcasting
 79641 | Pan      | Noticed Gloorx Vloq
 79653 | Pan      | Killed Gloorx Vloq
 79665 | Pan      | Got a dark rune of Zot
 79992 | Pan      | Entered the realm of Cerebov.
 80449 | Pan      | Identified the +10 trident of Fuceoce {antimagic, *Slow
                  | Fragile rElec Str+9}
 80459 | Pan      | Reached skill level 22 in Invocations
 80595 | Pan      | Identified the amulet of Intercession {Spirit rElec}
 80625 | Pan      | Identified the +9 hand axe "Soleitan" {flame, +Blink rC+
                  | MP+9}
 80675 | Pan      | Identified the ring "Biath" {Ice rPois Str+2 Stlth+}
 80677 | Pan      | Identified the +8 longbow "Jamyreq" {vorpal, +Blink Dex+4}
 80680 | Pan      | Identified the ring "Egailat" {Will+ Dex+2 Slay+2 SInv}
 80761 | Pan      | Identified the +9 hand axe of Mastery {freeze, *Noise rN+++
                  | MP+9 Int+4}
 80819 | Pan      | Found the +6 sword of Cerebov {flame}
 80819 | Pan      | Noticed Cerebov
 80849 | Pan      | Killed Cerebov
 80862 | Pan      | Identified the ring of Cooppoaf {Wiz Stlth+}
 80872 | Pan      | Got a fiery rune of Zot
 80888 | Pan      | Identified the +8 dire flail of Ydghiahoe {freeze, Str+3}
 81252 | Pan      | Identified the +1 leather armour "Goip Cef" {rN+++ Will+
                  | Int-2}
 81364 | Pan      | Noticed Booliast the pandemonium lord
 81380 | Pan      | Killed Booliast the pandemonium lord
 81484 | Pan      | Found an exit through the horrors of the Abyss.
 81700 | Pan      | Noticed Toymev the pandemonium lord
 81702 | Pan      | Reached skill level 21 in Stealth
 81705 | Pan      | Killed Toymev the pandemonium lord
 81707 | Pan      | Reached skill level 27 in Maces & Flails
 82205 | Pan      | Reached skill level 25 in Evocations
 82210 | Pan      | Noticed Wuxzunuk the pandemonium lord
 82220 | Pan      | Killed Wuxzunuk the pandemonium lord
 82221 | Pan      | Reached skill level 21 in Shields
 82240 | Pan      | Gained mutation: Potions are less effective at restoring
                  | your health. [a neqoxec]
 82254 | Pan      | Identified the +3 shortbow of Millem {flame, rN+ Dex+2
                  | SInv}
 82333 | Pan      | Noticed Xoenayca the pandemonium lord
 82341 | Pan      | Killed Xoenayca the pandemonium lord
 82342 | Pan      | Reached skill level 25 in Spellcasting
 82392 | Pan      | Killed from afar by a Hell Sentinel

Illustrated notes

Levels and vault maps discovered:
D:1:      kilobyte_arrival_exit_the_forest, layout_loops_ring,
          ebering_ecumenical_altar_box, serial_forest,
          infiniplex_forest_lined_corner, infiniplex_forest_zigzag_2,
          infiniplex_forest_side_room, infiniplex_forest_lined_2,
          infiniplex_forest_corner_1, infiniplex_forest_end_2,
          infiniplex_forest_lined_corner, infiniplex_forest_lined_corner,
          infiniplex_forest_end_double, st_stairs_8
D:2:      layout_rooms, minmay_diced_spiral
D:3:      layout_loops_cross, mainiacjoe_overflow_small_starburst,
          overflow_temple_1_default, lemuel_tele_altar,
          grunt_ashenzari_visionary [grunt_ashenzari_visionary_shoals,
          grunt_ashenzari_visionary_spider], lightli_temple_of_fire,
          nicolae_ru_sacrificial_ziggurat
D:4:      layout_cave_pools, kennysheep_mini, serial_shops, shop
D:5:      layout_rooms, minmay_misc_feat_pillars, uniq_edmund
D:6:      layout_basic, nicolae_overflow_hidden_temple,
          mainiacjoe_overflow_boulevard, marbit_many_paths,
          nicolae_wu_jian_immortal_techniques, serial_co_window_serial,
          co_window_paths_b, co_window_paths_b, co_window_paths_b,
          co_window_corner_a, co_window_paths_a, co_window_corner_a,
          co_window_of_opportunity_a, co_window_paths_a, co_window_corner_a,
          co_window_corner_ca, co_window_corner_b, co_window_unsneaky_path_c,
          co_window_of_opportunity_b, co_window_paths_d, glass_columns_c,
          glass_columns_b, glass_columns_a, glass_columns_a,
          amcnicky_mini_pool_small, chequers_jeans, uniq_pikel, uniq_duvessa,
          uniq_sigmund
D:7:      layout_gridville, lemuel_temple_firewalk_b, enter_bailey_2,
          amcnicky_mini_pool_medium
D:8:      layout_basic, serial_shops, nicolae_shop_overgrown_old_shop,
          hangedman_abyss_or_decor_clamps, uniq_maggie, uniq_amaemon,
          uniq_prince_ribbit1
D:9:      layout_long_grid, kennysheep_orc_monster_closet_entryway,
          gammafunk_ghost_berserking_beasts, serial_rivers,
          chequers_serial_rivers_small_a, chequers_serial_rivers_small_3,
          chequers_serial_rivers_micro_b, chequers_serial_rivers_room_b,
          chequers_serial_rivers_small_b
D:10:     layout_cave_pods, nicolae_gozag_seed_capital
D:11:     layout_loops_ring, lair_entry_dummy, elyvilon_altar_4
D:12:     layout_loops_ring, gauntlet_entry_generic, trove_entry_hex_spiral
D:13:     layout_loops_cross, serial_shops, nicolae_shop_window_shopping, shop,
          nicolae_diamond_shop, shop, kennysheep_doodads, xom_shifter_show
D:14:     layout_roguey, grunt_vaults_entry_tiered, minivault_4, uniq_louise
D:15:     hangedman_depths_entry_try_elsewhere_first, layout_loops_ring,
          nicolae_uskayaw_murder_on_the_dancefloor
Lair:1:   beast_lair_carwin_large_3, layout_misc_corridors, lemuel_fruit_tree,
          uniq_urug
Lair:2:   layout_regular_city, portal_ice_cave_demonic_guard,
          chequers_serial_rivers_room_a, infiniplex_staircase_pool_2,
          uniq_harold, uniq_nergalle
Lair:3:   layout_roguey, minmay_shoals_entry_lonely_mermaid,
          spider_nest_entry_a, basic_altar, ebering_ghost_xom,
          beast_lair_carwin_6
Lair:4:   layout_roguey, slime_entry_1, wad_woods_river_01
Lair:5:   evil_forest, layout_misc_corridors, chequers_serial_rivers_small_b,
          uniq_josephine
Shoals:1: layout_shoals
Shoals:2: layout_shoals, nicolae_shoals_abyss_on_the_beach
Shoals:3: layout_shoals
Shoals:4: shoals_end_grunt_ice, layout_shoals
Spider:1: layout_spider_delve, nicolae_spider_webs_and_nodes,
          guppyfry_spider_mini_2, hangedman_spider_tarantella_strand,
          uniq_aizul, uniq_mlioglotl
Spider:2: layout_spider_delve, nicolae_spider_eight_legs
Spider:3: layout_spider_delve
Spider:4: grunt_spider_rune_circles, nicolae_crawler_farm, uniq_arachne
Slime:1:  layout_caves
Slime:2:  layout_caves, nicolae_slime_barrier
Slime:3:  layout_caves, cheibrodos_slime_lost_civilization_4
Slime:4:  layout_caves
Slime:5
Orc:1:    layout_caves, serial_shops, shop
Orc:2:    pf_orc_diabolical, layout_caves, basic_altar
Elf:1:    eino_elf_arrival_shootout, layout_geoelf_octagon,
          minmay_elf_annihilation
Elf:2:    nicolae_elf_blades_crystal_corner, layout_loops_corners,
          serial_nicolae_subway, nicolae_sub_station_stone,
          nicolae_sub_station_metal, nicolae_sub_station_crystal
Elf:3:    nooodl_elf_gasket, layout_geoelf_octagon, ebering_ghost_inner_flame
Vaults:1: portal_desolation_entry_salt, hangedman_vaults_stretched_pinwheel,
          grunt_vaults_funnel, ontoclasm_vaults_fault, ontoclasm_vaults_chip,
          v_misc_13, v_pattern_2, v_alt_pattern_2, grunt_vaults_focal,
          serial_ice_h, hangedman_vaults_corner_blocks,
          nicolae_vaults_little_squares_4, layout_vaults_omnigrid, uniq_zenata,
          uniq_asterion
Vaults:2: gammafunk_ghost_spectres, nicolae_vaults_network_barrier,
          ontoclasm_vaults_twist, v_rooms_4, vaults_mumra_minichess,
          hangedman_vaults_stream, blue_anna_dwarven_crypt,
          nicolae_vaults_hallways_thing, v_misc_18,
          nicolae_vaults_yaktaur_gun_rack, nicolae_vaults_little_ls,
          layout_vaults_big_room, uniq_mennas
Vaults:3: vaults_standard_mumra_lines, v_misc_5, nicolae_vaults_circle_grid_a,
          ontoclasm_vaults_spin, vaults_mumra_minichess_inversion,
          st_more_cells, v_misc_24, ontoclasm_vaults_ligature, v_misc_19,
          nicolae_vaults_ninety_degrees, nicolae_vaults_mini_display_case,
          layout_vaults_omnibox
Vaults:4: grunt_vaults_swirl, v_misc_17, nicolae_vaults_inception_corners,
          vaults_room_guarded_vault, vaults_room_pool, hangedman_vaults_slice,
          ontoclasm_vaults_hangar, nicolae_vaults_little_squares_1,
          vaults_room_pool, grunt_vaults_twisty, grunt_vaults_diagonal,
          nicolae_vaults_alarming, vaults_room_door_ring,
          layout_vaults_omnicross, serial_shops
Vaults:5: serial_shops, uniq_saint_roka
Crypt:1:  layout_chaotic_city, grunt_crypt_arrival_split, uniq_frederick
Crypt:2:  layout_catacombs, basic_altar, roderic_lattice_octagonal_star
Crypt:3:  grunt_crypt_end_deaths_head
Depths:1: layout_basic, enter_ziggurat_f, pan_entry, hellmouth_2,
          chequers_serial_rivers_micro_b, lightli_enter_wizlab_magi_temple,
          minmay_crystal_room, brannock_guarded_unrand_thermic_engine
Depths:2: minmay_guarded_unrand_majin_bo, layout_gridlike, pan_entry,
          hangedman_decor_peaks_small, hell_entry, serial_glass,
          glass_columns_c, glass_columns_a, glass_columns_a, glass_columns_a,
          evilmike_minifort, minmay_staircase_windowed_large,
          serial_bayou_shore_b, uniq_bai_suzhen, uniq_vv, uniq_josephina
Depths:3: hangedman_screamer, layout_cave_shapes, abyss_entry,
          serial_sigils_hangedman_writhe, pf_hell_entry_tar_river,
          minmay_shop_star
Depths:4: grunt_x_marks_the_spot, layout_gridlike, hell_entry,
          nicolae_dithmenos_through_a_glass_darkly, serial_bayou_shore_b
Zot:1:    layout_misc_corridors
Zot:2:    layout_cathedral_of_symmetry, uniq_tiamat
Zot:3:    layout_misc_corridors, grunt_ministairs_1, nrook_zot_tub
Zot:4:    dreamdust_zin_vs_xom, layout_cathedral_of_symmetry,
          nicolae_transporter_circle
Pan:      evilmike_mini_pan_pillars, layout_basic, mnoleg_st, layout_long_grid,
          nicolae_pan_giant_door, layout_rooms, pan_blood_fountain,
          evilmike_mini_pan_layers, layout_pan_divisions_a
          [pan_division_quadrant_a3, pan_division_quadrant_a2,
          pan_division_quadrant_a6, pan_division_quadrant_a3,
          pan_division_octagon_halves], pan_blood_fountain_small,
          evilmike_mini_pan_T, layout_small_grid, pan_blood_fountain_small,
          gammafunk_its_a_trap, layout_pan_divisions_a
          [pan_division_quadrant_a6, pan_division_quadrant_a4,
          pan_division_quadrant_a4, pan_division_quadrant_a3,
          pan_division_octagon_box], gloorx_vloq_grunt_torture_chamber,
          layout_chambers, pan_blood_fountain, nicolae_pan_glass_arcs,
          layout_basic, pan_blood_fountain_2, cerebov_grunt_fire_and_steel,
          layout_rooms, nicolae_pan_lom_lobonic_4, evilmike_mini_pan_doors,
          layout_gridville, grunt_pan_in_and_out, layout_pan_divisions_a
          [pan_division_quadrant_a2, pan_division_quadrant_a6,
          pan_division_quadrant_a3, pan_division_quadrant_a5,
          pan_division_octagon_halves], pan_blood_fountain, grunt_pan_pentagram,
          layout_basic, rand_demon_5, layout_chambers, pan_blood_fountain_small,
          nicolae_pan_gloorx_vloqian_1, evilmike_mini_pan_doors_b, layout_basic,
          pan_blood_fountain_small, evilmike_mini_pan_pillars_b,
          layout_pan_divisions_b [pan_division_quadrant_b5,
          pan_division_quadrant_b3, pan_division_quadrant_b6,
          pan_division_quadrant_b3], evilmike_mini_pan_doors,
          layout_cellular_growth, nicolae_pan_lom_lobonic_3

Skill      XL: |  1  2  3  4  5  6  7  8  9 10 11 12 13 14 15 16 17 18 19 20 21 22 23 24 25 26 27 |
---------------+----------------------------------------------------------------------------------+-----
Invocations    | 1 2 3 4 5 6 7 8 10 11 12 13 14 15 16 17 18 19 22 | 22.4
Short Blades   | 1 2 3 5 6 7 8 9 10 11 12 13 14 15 16 17 18 20 | 20.8
Long Blades    | 1 2 3 5 6 7 8 9 10 11 12 13 14 15 16 17 18 20 | 20.8
Axes           | 1 2 3 5 6 7 8 9 10 11 12 13 14 15 16 17 18 20 | 20.8
Polearms       | 1 2 3 5 6 7 8 9 10 11 12 13 14 15 16 17 18 20 | 20.8
Staves         | 1 2 3 5 6 7 8 9 10 11 12 13 14 15 16 17 18 20 | 20.8
Ranged Weapons | 1 2 3 5 6 7 8 9 10 11 12 13 14 15 16 17 18 20 | 20.8
Throwing       | 1 2 3 5 6 7 8 9 10 11 12 13 14 15 16 17 18 20 | 20.8
Armour         | 1 2 3 5 6 7 8 9 10 11 12 13 14 15 16 17 18 20 | 20.8
Shields        | 1 2 3 5 6 7 8 9 10 11 12 13 14 15 16 17 18 21 | 21.1
Unarmed Combat | 1 2 3 5 6 7 8 9 10 11 12 13 14 15 16 17 18 20 | 20.8
Spellcasting   | 1 2 3 5 6 7 8 9 10 11 12 13 14 16 17 18 19 20 25 | 25.0
Evocations     | 1 2 3 5 6 7 8 9 10 11 12 13 14 15 16 17 18 19 21 25 | 25.1
Conjurations   | 1 2 3 4 5 6 7 8 9 10 11 12 13 14 15 17 | 17.8
Hexes          | 1 2 3 4 5 6 7 8 9 10 11 12 13 14 15 17 | 17.8
Summonings     | 1 2 3 4 5 6 7 8 9 10 11 12 13 14 15 17 | 17.8
Necromancy     | 1 2 3 4 5 6 7 8 9 10 11 12 13 14 15 17 | 17.8
Translocations | 1 2 3 4 5 6 7 8 9 10 11 12 13 14 15 17 | 17.8
Transmutations | 1 2 3 4 5 6 7 8 9 10 11 12 13 14 15 17 | 17.8
Fire Magic     | 1 2 3 4 5 6 7 8 9 10 11 12 13 14 15 17 | 17.8
Ice Magic      | 1 2 3 4 5 6 7 8 9 10 11 12 13 14 15 17 | 17.8
Air Magic      | 1 2 3 4 5 6 7 8 9 10 11 12 13 14 15 17 | 17.8
Earth Magic    | 1 2 3 4 5 6 7 8 9 10 11 12 13 14 15 17 | 17.8
Poison Magic   | 1 2 3 4 5 6 7 8 9 10 11 12 13 14 15 17 | 17.8
Fighting       | 7 8 9 10 11 12 13 14 15 16 17 18 19 21 | 21.6
Maces & Flails | 7 8 9 10 11 12 14 15 16 17 18 19 20 21 22 23 27 | 27.0
Dodging        | 7 8 9 10 11 12 13 14 15 16 17 18 19 21 | 21.6
Stealth        | 5 6 7 8 9 10 11 12 13 14 15 16 17 18 21 | 21.1

Action                   |  1- 3 |  4- 6 |  7- 9 | 10-12 | 13-15 | 16-18 | 19-21 | 22-24 | 25-27 || total
-------------------------+-------+-------+-------+-------+-------+-------+-------+-------+-------++-------
Melee: Mace              |    55 |       |       |       |       |       |       |       |       ||    55
       Bite              |     6 |    11 |    20 |   117 |   301 |   432 |   227 |   371 |   780 ||  2265
       Punch             |     1 |       |     4 |    16 |       |       |       |       |       ||    21
       Morningstar       |    14 |    85 |    21 |       |       |       |       |       |       ||   120
       Flail             |       |       |   172 |   662 |  1390 |  1967 |  1026 |    21 |       ||  5238
       Double sword      |       |       |       |       |       |       |       |  1483 |   700 ||  2183
       Eudemon blade     |       |       |       |       |       |       |       |   192 |  1061 ||  1253
       Lance             |       |       |       |       |       |       |       |       |   758 ||   758
       Eveningstar       |       |       |       |       |       |       |       |       |  1087 ||  1087
       Broad axe         |       |       |       |       |       |       |       |       |   348 ||   348
Throw: Dart              |       |       |       |    12 |    22 |    80 |    27 |     1 |     9 ||   151
 Cast: Blink             |       |       |       |       |       |    11 |     1 |     7 |     7 ||    26
       Passwall          |       |       |       |       |       |       |     1 |     1 |     5 ||     7
       Manifold Assault  |       |       |       |       |       |       |       |    12 |   124 ||   136
       Apportation       |       |       |       |       |       |       |       |       |    21 ||    21
       Passage of Golubr |       |       |       |       |       |       |       |       |     1 ||     1
Invok: Cleansing Flame   |       |       |       |     2 |     2 |     4 |     3 |       |    14 ||    25
       Summon Divine War |       |       |       |       |     9 |    17 |    21 |    11 |    10 ||    68
       Divine Shield     |       |       |       |       |       |       |       |       |     1 ||     1
       Brand Weapon With |       |       |       |       |       |       |       |       |     1 ||     1
Evoke: Wand              |       |       |     3 |     6 |    10 |    13 |     8 |     6 |    11 ||    57
       Phantom mirror    |       |       |       |       |     1 |     1 |       |     1 |     2 ||     5
       Box of beasts     |       |       |       |       |       |     1 |       |     1 |       ||     2
       Lightning rod     |       |       |       |       |       |       |       |     2 |     6 ||     8
       Piece from Xom's  |       |       |       |       |       |       |       |     3 |       ||     3
       Tin of tremorston |       |       |       |       |       |       |       |       |     2 ||     2
       Phial of floods   |       |       |       |       |       |       |       |       |     1 ||     1
  Use: Scroll            |       |     7 |       |     6 |    11 |     8 |     4 |     5 |    41 ||    82
       Potion            |       |       |       |       |     2 |     7 |     7 |     7 |    27 ||    50
Armor: Robe              |    11 |    15 |       |       |       |       |       |       |       ||    26
       Scale mail        |       |     5 |       |       |       |       |       |       |       ||     5
       Ring mail         |       |     4 |    10 |    19 |       |       |       |       |       ||    33
       Plate armour      |       |       |    46 |       |       |       |       |       |       ||    46
       Chain mail        |       |       |    25 |   226 |   513 |  1114 |   344 |   610 |    91 ||  2923
       Troll leather arm |       |       |       |       |       |       |     9 |       |       ||     9
       Skin              |       |       |       |       |       |       |     2 |       |       ||     2
       Gold dragon scale |       |       |       |       |       |       |       |       |  1421 ||  1421
Dodge: Dodged            |    58 |    99 |   153 |   379 |   461 |   692 |   240 |   561 |   898 ||  3541
Block: Kite shield       |       |       |       |   215 |       |       |       |       |       ||   215
       Tower shield      |       |       |       |    54 |  1313 |  2236 |   853 |  1613 |  3538 ||  9607
       Reflection        |       |       |       |       |       |       |       |       |     4 ||     4

Table legend: (Time is in decaauts)
 A = Elapsed time spent in this place.
 B = Non-inter-level travel time spent in this place.
 C = Inter-level travel time spent in this place.
 D = Time resting spent in this place.
 E = Time spent auto-exploring this place.
 F = Levels seen in this place.
 G = Mean time per level.
                   A        B        C        D        E       F      G
               +--------+--------+--------+--------+--------+-----+--------+
         Total |  81716 |  73437 |   8279 |  20718 |  28538 |  79 | 1034.4 |
       Dungeon |  14963 |  11351 |   3612 |    862 |   7639 |  15 |  997.5 |
          Lair |   6844 |   6097 |    747 |   1503 |   2681 |   5 | 1368.8 |
        Shoals |   5346 |   5201 |    145 |   1555 |   2075 |   4 | 1336.5 |
   Spider Nest |   7071 |   6782 |    289 |   2790 |   1811 |   4 | 1767.8 |
    Slime Pits |   1246 |   1100 |    146 |    668 |      0 |   5 |  249.2 |
  Orcish Mines |   1973 |   1567 |    406 |     76 |    813 |   2 |  986.5 |
   Elven Halls |   5713 |   5508 |    205 |   2203 |   1732 |   3 | 1904.3 |
        Vaults |  11791 |  10764 |   1027 |   4337 |   3589 |   5 | 2358.2 |
         Crypt |   3365 |   3244 |    121 |      0 |   1990 |   3 | 1121.7 |
        Depths |   8300 |   7026 |   1274 |   2496 |   2380 |   4 | 2075.0 |
           Zot |   5579 |   5276 |    303 |   2026 |   2202 |   4 | 1394.8 |
         Abyss |    908 |    908 |      0 |    165 |    174 |   3 |  302.7 |
   Pandemonium |   4930 |   4930 |      0 |    639 |   1008 |  16 |  308.1 |
         Trove |     53 |     53 |      0 |      0 |     22 |   1 |   53.0 |
        Bailey |    464 |    464 |      0 |    121 |    149 |   1 |  464.0 |
      Ice Cave |    826 |    826 |      0 |    382 |     79 |   1 |  826.0 |
        Wizlab |    654 |    654 |      0 |    312 |    133 |   1 |  654.0 |
    Desolation |   1274 |   1274 |      0 |    577 |     60 |   1 | 1274.0 |
      Gauntlet |    407 |    407 |      0 |      0 |      0 |   1 |  407.0 |
               +--------+--------+--------+--------+--------+-----+--------+

Top non-repeatable levels by time:
Vaults:4: 3347 daAuts
Vaults:1: 3143 daAuts
Depths:1: 2938 daAuts
   Elf:2: 2458 daAuts
Vaults:2: 2437 daAuts
   Elf:3: 2350 daAuts
Spider:2: 2332 daAuts
Spider:4: 2260 daAuts
Depths:4: 2080 daAuts
   Zot:4: 1989 daAuts
Depths:2: 1885 daAuts
Shoals:4: 1819 daAuts
    D:14: 1706 daAuts
   Zot:2: 1692 daAuts
  Lair:4: 1668 daAuts
